Workbook
Name _GrafikDaten_3.1: Titelblatt!$C$20:$D$25
Name _GrafikDaten_3.2: 'Überblick in Grafiken'!$C$3:$E$8
Name _GrafikDaten_3.3: 'Überblick in Grafiken'!$C$20:$E$23
Name _GrafikDaten_3.4: 'Überblick in Grafiken'!$C$37:$D$55
Name _GrafikDaten_3.5: '3.1.2'!$G$129:$H$140
Name _GrafikDaten_3.6: '3.1.3'!$I$68:$N$79
Name _GrafikDaten_3.7: '3.1.4'!$J$68:$N$79
Name _GrafikDaten_3.8: '3.1.5'!$G$30:$I$34
Name _GrafikDaten_3.9: '3.4.1+3.4.2'!$I$24:$J$42
Name _Tabelle_3.1.1: '3.1.1'!$A$3:$E$53
Name _Tabelle_3.1.2: '3.1.2'!$A$3:$E$127
Name _Tabelle_3.1.3: '3.1.3'!$A$3:$G$66
Name _Tabelle_3.1.4: '3.1.4'!$A$3:$H$65
Name _Tabelle_3.1.5: '3.1.5'!$A$3:$E$28
Name _Tabelle_3.2.1: '3.2.1'!$A$3:$G$47
Name _Tabelle_3.2.2: '3.2.2'!$A$3:$G$47
Name _Tabelle_3.2.3: '3.2.3'!$A$3:$H$47
Name _Tabelle_3.2.4: '3.2.4'!$A$3:$G$47
Name _Tabelle_3.3.1: '3.3.1'!$A$3:$G$44
Name _Tabelle_3.3.2: '3.3.2'!$A$3:$G$41
Name _Tabelle_3.3.3: '3.3.3'!$A$3:$G$41
Name _Tabelle_3.3.4: '3.3.4+3.3.5'!$A$3:$E$22
Name _Tabelle_3.3.5: '3.3.4+3.3.5'!$A$25:$G$44
Name _Tabelle_3.4.1: '3.4.1+3.4.2'!$A$3:$G$21
Name _Tabelle_3.4.2: '3.4.1+3.4.2'!$A$24:$D$42
Name _Tabelle_3.5.1: '3.5.1'!$A$3:$D$42
Name _Tabelle_3.5.2: '3.5.2'!$A$3:$G$42
Name _Tabelle_3.5.3: '3.5.3'!$A$3:$I$42
Name _Tabelle_3.5.4: '3.5.4'!$A$3:$H$42
Name Print_Titles: '3.1.2'!#REF!
Name Print_Titles: '3.1.3'!#REF!
Name Print_Titles: '3.1.4'!#REF!

Sheet Titelblatt
A1: Titelblatt des Kapitels 3 "Einnahmen Konsum Lebensbedingungen Wohnen": Link zum Inhaltsverzeichnis
A2: 3 | Einnahmen, Konsum, Lebensbedingungen, Wohnen
A20: Grafik 3.1 | C20: Daten der Grafik 3.1 "Struktur des durchnittlichen Haushaltsbruttoeinkommens privater Haushalte 2023"
C21: Merkmal | D21: Haushaltsbruttoeinkommen = 100 %
C22: Bruttoeinkommen aus Erwerbstätigkeit | D22: 61.5
C23: Einkommen aus öffentlichen Transferzahlungen | D23: 27.6
C24: Einnahmen aus Vermögen | D24: 7.9
C25: Einkommen aus nichtöffentlichen Transferzahlungen und Einnahmen aus Untervermietung | D25: 2.9

Sheet Inhalt
A1: Inhaltsverzeichnis des Kapitels 3 "Einnahmen Konsum Lebensbedingungen Wohnen": Die Gliederungen und Überschriften auf dieser Seite sind Links zum Inhalt.
A2: Inhaltsverzeichnis | C2: Seite
A3: Überblick | B3: Überblick in Grafiken | C3: =D3+76 -> 79 | D3: 3
B4: Überblick in Worten | C4: =D4+76 -> 80 | D4: 4
A5: Ergebnisse in Tabellen
A6: 3.1 | B6: Einnahmen, Ausgaben und Konsum privater Haushalte
A7: 3.1.1 | B7: Einnahmen und Ausgaben privater Haushalte 2023 | C7: =D7+76 -> 81 | D7: 5
A8: 3.1.2 | B8: Aufwendungen privater Haushalte für den privaten Verbrauch 2023 | C8: =D8+76 -> 82 | D8: 6
A9: 3.1.3 | B9: Aufwendungen privater Haushalte für den privaten Verbrauch 2023 nach Haushaltsgröße | C9: =D9+76 -> 85 | D9: 9
A10: 3.1.4 | B10: Aufwendungen privater Haushalte für den privaten Verbrauch 2023 nach Haushaltstyp | C10: =D10+76 -> 87 | D10: 11
A11: 3.1.5 | B11: Aufwendungen privater Haushalte für Nahrungsmittel, Getränke und Tabakwaren 2023 | C11: =D11+76 -> 89 | D11: 13
A12: 3.2 | B12: Ausstattung privater Haushalte
A13: 3.2.1 | B13: Ausstattungsgrad privater Haushalte mit ausgewählten langlebigen Gebrauchsgütern im Zeitvergleich | C13: =D13+76 -> 90 | D13: 14
A14: 3.2.2 | B14: Ausstattungsgrad privater Haushalte mit ausgewählten langlebigen Gebrauchsgütern 2023 nach Haushaltsgröße | C14: =D14+76 -> 91 | D14: 15
A15: 3.2.3 | B15: Ausstattungsgrad privater Haushalte mit ausgewählten langlebigen Gebrauchsgütern 2023 nach Haushaltstyp | C15: =D15+76 -> 92 | D15: 16
A16: 3.2.4 | B16: Ausstattungsbestand privater Haushalte mit ausgewählten langlebigen Gebrauchsgütern im Zeitvergleich | C16: =D16+76 -> 93 | D16: 17
A17: 3.3 | B17: Gesundheitszustand und -verhalten der Bevölkerung
A18: 3.3.1 | B18: Anteil der Kranken an der Bevölkerung im Zeitvergleich nach Geschlecht und Altersgruppen | C18: =D18+76 -> 94 | D18: 18
A19: 3.3.2 | B19: Anteil der Raucherinnen und Raucher an der Bevölkerung im Zeitvergleich nach Geschlecht und Altersgruppen | C19: =D19+76 -> 95 | D19: 19
A20: 3.3.3 | B20: Body-Mass-Index der Bevölkerung im Zeitvergleich nach Geschlecht und Altersgruppen | C20: =D20+76 -> 96 | D20: 20
A21: 3.3.4 | B21: Daten zum Gesundheitszustand und zum Rauchverhalten der Bevölkerung 2021 im Ländervergleich | C21: =D21+76 -> 97 | D21: 21
A22: 3.3.5 | B22: Daten zum Body-Mass-Index der Bevölkerung 2021 im Ländervergleich | C22: =D22+76 -> 97 | D22: 21
A23: 3.4 | B23: Armutsgefährdungsschwellen und -quoten
A24: 3.4.1 | B24: Armutsgefährdungsschwellen ausgewählter Haushaltskonstellationen 2025 im Ländervergleich | C24: =D24+76 -> 98 | D24: 22
A25: 3.4.2 | B25: Armutsgefährdungsquote 2024 und 2025 im Ländervergleich | C25: =D25+76 -> 98 | D25: 22
A26: 3.5 | B26: Wohnsituation privater Haushalte
A27: 3.5.1 | B27: Wohnsituation privater Haushalte 2022 | C27: =D27+76 -> 99 | D27: 23
A28: 3.5.2 | B28: Wohnsituation privater Haushalte 2022 nach Haushaltsgröße | C28: =D28+76 -> 100 | D28: 24
A29: 3.5.3 | B29: Wohnsituation privater Haushalte 2022 nach Lebensform | C29: =D29+76 -> 101 | D29: 25
A30: 3.5.4 | B30: Wohnsituation privater Haushalte 2022 nach monatlichem Haushaltsnettoeinkommen | C30: =D30+76 -> 102 | D30: 26
A31: Ergebnisse in Grafiken
A32: 3.1 | B32: Struktur des durchschnittlichen Haushaltsbruttoeinkommens privater Haushalte 2023 | C32: =D32+76 -> 77 | D32: 1
A33: 3.2 | B33: Haushalte insgesamt und im Wohneigentum am 1. Januar 2022 nach Lebensform | C33: =D33+76 -> 79 | D33: 3
A34: 3.3 | B34: Durchschnittliche Wohnfläche je Haushalt am 1. Januar 2022 nach Lebensform | C34: =D34+76 -> 79 | D34: 3
A35: 3.4 | B35: Durchschnittlicher Body-Mass-Index 2021 im Ländervergleich | C35: =D35+76 -> 79 | D35: 3
A36: 3.5 | B36: Struktur der durchschnittlichen Konsumausgaben privater Haushalte 2023 | C36: =D36+76 -> 84 | D36: 8
A37: 3.6 | B37: Struktur der durchschnittlichen Konsumausgaben privater Haushalte 2023 nach Haushaltsgröße | C37: =D37+76 -> 86 | D37: 10
A38: 3.7 | B38: Struktur der durchschnittlichen Konsumausgaben privater Haushalte 2023 für ausgewählte Haushaltstypen | C38: =D38+76 -> 88 | D38: 12
A39: 3.8 | B39: Aufwendungen privater Haushalte für Nahrungsmittel, Getränke und Tabakwaren 2023 | C39: =D39+76 -> 89 | D39: 13
A40: 3.9 | B40: Armutsgefährdungsquote 2025 im Ländervergleich | C40: =D40+76 -> 98 | D40: 22
A41: Erläuterungen
A42: Fußnotenerläuterungen | C42: =D42+76 -> 104 | D42: 28
A43: Methodik | C43: =D43+76 -> 105 | D43: 29
A44: Glossar | C44: =D44+76 -> 106 | D44: 30
A45: Mehr zum Thema | C45: =D45+76 -> 108 | D45: 32

Sheet Überblick in Grafiken
A1: Link zum Inhaltsverzeichnis
A2: Überblick in Grafiken
A3: Grafik 3.2 | C3: Daten der Grafik 3.2 "Haushalte insgesamt und im Wohneigentum am 1. Januar 2022 nach Lebensform"
C4: Haushaltstyp | D4: Insgesamt | E4: Darunter: im Wohneigentum
C5: Alleinlebende | D5: ='3.5.3'!D5 -> 337000 | E5: ='3.5.3'!D31 -> 62000
C6: Alleinerziehende | D6: ='3.5.3'!E5 -> 55000 | E6: ='3.5.3'!E31 -> 17000
C7: Paare ohne Kind | D7: ='3.5.3'!G5 -> 260000 | E7: ='3.5.3'!G31 -> 141000
C8: Paare mit Kindern | D8: ='3.5.3'!H5 -> 141000 | E8: ='3.5.3'!H31 -> 82000
A20: Grafik 3.3 | C20: Daten der Grafik 3.3 "Durchschnittliche Wohnfläche je Haushalt am 1. Januar 2023 nach Lebensform"
C21: Merkmal | D21: Zur Miete/mietfrei | E21: Im Wohneigentum
C22: Alleinlebende | D22: ='3.5.3'!D26 -> 54.2 | E22: ='3.5.3'!D39 -> 102.5
C23: Alleinerziehende | D23: ='3.5.3'!E26 -> 72.4 | E23: ='3.5.3'!E39 -> 121
C24: Paare ohne Kind | D24: ='3.5.3'!G26 -> 71.8 | E24: ='3.5.3'!G39 -> 116.8
C25: Paare mit Kindern | D25: ='3.5.3'!H26 -> 87.2 | E25: ='3.5.3'!H39 -> 137.1
C26: Insgesamt | D26: ='3.5.3'!C26 -> 63.9 | E26: ='3.5.3'!C39 -> 119.7
A37: Grafik 3.4 | C37: Daten der Grafik 3.4 "Durchschnittlicher Body-Mass-Index 2021 im Ländervergleich"
C38: Bundesland | D38: Body-Mass-Index (kg/m²)
C39: Baden-Württemberg (BW) | D39: 25.7
C40: Bayern (BY) | D40: 25.7
C41: Berlin (BE) | D41: 25.3
C42: Brandenburg (BB) | D42: 26.4
C43: Bremen (HB) | D43: 26
C44: Hamburg (HH) | D44: 25.3
C45: Hessen (HE) | D45: 25.9
C46: Mecklenburg-Vorpommern (MV) | D46: 26.8
C47: Niedersachsen (NI) | D47: 26.1
C48: Nordrhein-Westfalen (NW) | D48: 26
C49: Rheinland-Pfalz (RP) | D49: 26.2
C50: Saarland (SL) | D50: 26
... C55: Deutschland | D55: 26

Sheet Überblick in Worten
A1: Link zum Inhaltsverzeichnis
A2: Überblick in Worten
A3: § | B3: Das durchschnittliche Haushaltsbruttoeinkommen betrug nach hochgerechneten Ergebnissen der Einkommens- und Ver- brauchsstichprobe 2023 in Mecklenburg-Vorpommern 4.500 EUR und lag damit rund 20 Prozent unter dem Bundesdurch- schnitt.
A4: § | B4: Die durchschnittlichen privaten Konsumausgaben je Haushalt und Monat beliefen sich im Jahr 2023 in Mecklenburg-Vor- pommern auf 2.659 EUR. Dabei waren die Ausgaben für Wohnen, Energie und Wohnungsinstandhaltung mit 920 EUR die größte Ausgabeposition (34,6 Prozent der monatlichen Konsumausgaben).
A5: § | B5: Die Privathaushalte in Mecklenburg-Vorpommern sind mobil: 2023 gab es in 82,2 Prozent aller Privathaushalte wenigstens ein Fahrrad und in 79,3 Prozent der Haushalte wenigstens ein Auto. Rechnerisch kamen 2023 auf 100 Haushalte 179,5 Fahr- räder und 108,1 Personenkraftwagen.
A6: § | B6: Der Anteil der Kranken an der Bevölkerung lag 2021 mit 12,2 Prozent unter dem Bundesdurchschnitt (13,5 Prozent).
A7: § | B7: Der positive Trend der sinkenden Quote der Raucherinnen und Raucher setzte sich auch 2021 weiter fort. Die Quote sank gegenüber 2005 um 9,4 Prozentpunkte. Allerdings liegt die Raucherquote in Mecklenburg-Vorpommern mit 5,0 Prozent- punkten weiterhin erheblich über dem Bundesdurchschnitt von 18,9 Prozent. Bei den 15- bis 19-Jährigen rauchen mit 18,8 Prozent hierzulande sogar mehr als doppelt so viele junge Menschen als im Bundesdurchschnitt (8,7 Prozent).
A8: § | B8: Die Weltgesundheitsorganisation (WHO) stuft Erwachsene mit einem Body-Mass-Index (BMI) über 25 als übergewichtig ein. Danach ist die Bevölkerung Mecklenburg-Vorpommerns zu dick. Der durchschnittliche BMI lag 2021 bei 26,7 (Bundesdurch- schnitt: 26,0) und nahm damit im Ländervergleich den höchsten Wert ein.
A9: § | B9: In Mecklenburg-Vorpommern galt im Jahr 2025 ein Haushalt von Alleinerziehenden mit zwei Kindern als armutsgefährdet, wenn das Monatseinkommen 2.012 EUR oder weniger betrug. Die Armutsgefährdungsquote im Land lag gemessen am Bundesmedian bei 16,5 Prozent; 0,6 Prozentpunkte weniger als im Jahr 2024.
A10: § | B10: Mieterhaushalten standen 2022 durchschnittlich 63,9 Quadratmeter und 2,7 Wohn- und Schlafräume zur Verfügung; Haushalten in Wohneigentum mit 119,7 Quadratmetern und 4,2 Wohn- und Schlafräumen deutlich mehr.
A11: § | B11: Zur Miete wohnten 62,1 Prozent der Haushalte insgesamt, in Wohneigentum dagegen nur 38,1 Prozent. Im Unterschied dazu mieteten nur 45,8 Prozent der Paare mit Kindern eine Wohnung, 54,2 Prozent dieses Haushaltstyps bewohnten Wohneigentum.

Sheet 3.1.1
A1: Link zum Inhaltsverzeichnis
A2: 3.1 Einnahmen, Ausgaben und Konsum privater Haushalte
A3: 3.1.1 Einnahmen und Ausgaben privater Haushalte 2023
A4: Merkmal | B4: Mecklenburg- Vorpommern | C4: Nachrichtlich: Deutschland | D4: Nachrichtlich: Früheres Bundes- gebiet ohne Berlin-West | E4: Nachrichtlich: Neue Länder und Berlin
A5: Haushalte | B5: 812000 | C5: 40836000 | D5: 32541000 | E5: 8295000
A6: Durchschnitt je Haushalt und Monat (EUR)
A7: Bruttoeinkommen aus unselbstständiger Arbeit | B7: 2522 | C7: 3282 | D7: 3418 | E7: 2752
A8: Bruttoeinkommen aus selbstständiger Arbeit | B8: 248 | C8: 364 | D8: 388 | E8: 270
A9: Einnahmen aus Vermögen | B9: 357 | C9: 551 | D9: 609 | E9: 323
A10: Einkommen aus öffentlichen Transferzahlungen 1) | B10: 1241 | C10: 1149 | D10: 1142 | E10: 1176
A11: Einkommen aus nichtöffentlichen Transferzahlungen 2) | B11: 131 | C11: 268 | D11: 296 | E11: 160
A12: Haushaltsbruttoeinkommen | B12: 4500 | C12: 5616 | D12: 5853 | E12: 4682
A13: Abzüglich
A14: Einkommen-/Lohn-, Kirchensteuer und Solidaritätszuschlag | B14: 379 | C14: 631 | D14: 674 | E14: 463
A15: Pflichtbeiträge zur Sozialversicherung | B15: 586 | C15: 747 | D15: 773 | E15: 647
A16: Zuzüglich
A17: Arbeitgeberzuschüsse zur Krankenversicherung und Pflegeversicherung bei freiwilliger oder privater Krankenversicherung | B17: 10 | C17: 40 | D17: 44 | E17: 23
A18: Zuschüsse der Rentenversicherungsträger zur freiwilligen oder privaten Krankenversicherung | B18: 3 | C18: 5 | D18: 5 | E18: 3
A19: Haushaltsnettoeinkommen | B19: 3548 | C19: 4282 | D19: 4456 | E19: 3600
A20: Zuzüglich
A21: Einnahmen aus dem Verkauf von Waren | B21: 28 | C21: 23 | D21: 26 | E21: 15
A22: Sonstige Einnahmen | B22: 29 | C22: 31 | D22: 31 | E22: 31
A23: Ausgabefähige Einkommen und Einnahmen | B23: 3605 | C23: 4336 | D23: 4512 | E23: 3646
A24: Einnahmen aus Vermögensumwandlung/Krediten | B24: 640 | C24: 1105 | D24: 1193 | E24: 761
A25: Einnahmen aus Vermögensentnahmen | B25: 442 | C25: 904 | D25: 974 | E25: 627
A26: Einnahmen aus Kreditaufnahme | B26: 198 | C26: 202 | D26: 219 | E26: 134
A27: Gesamteinnahmen | B27: 5210 | C27: 6820 | D27: 7152 | E27: 5516
A28: Private Konsumausgaben | B28: 2659 | C28: 3032 | D28: 3130 | E28: 2646
A29: Nahrungsmittel, Getränke und Tabakwaren | B29: 408 | C29: 436 | D29: 444 | E29: 404
A30: Bekleidung und Schuhe | B30: 98 | C30: 111 | D30: 115 | E30: 97
A31: Wohnen, Energie und Wohnungsinstandhaltung | B31: 920 | C31: 1137 | D31: 1189 | E31: 931
A32: Innenausstattungen, Haushaltsgeräte und -gegenstände | B32: 136 | C32: 137 | D32: 142 | E32: 120
... A42: sonstige Steuern | B42: 11 | C42: 12 | D42: 12 | E42: 9
A43: freiwillige Beiträge zur gesetzlichen Rentenversicherung (auch zur Versorgungsanstalt des Bundes und der Länder) | B43: / | C43: 9 | D43: 8 | E43: 11
A44: Versicherungsbeiträge | B44: 130 | C44: 149 | D44: 154 | E44: 128
A45: sonstige Übertragungen und Ausgaben | B45: 88 | C45: 111 | D45: 116 | E45: 91
A46: Tilgung und Verzinsung von Krediten 3) | B46: 260 | C46: 312 | D46: 333 | E46: 231
A47: Ausgaben für die Bildung von Sachvermögen | B47: 194 | C47: 330 | D47: 368 | E47: 183
A48: Ausgaben für die Bildung von Geldvermögen | B48: 678 | C48: 1167 | D48: 1254 | E48: 828
A49: Gesamtausgaben | B49: 4987 | C49: 6500 | D49: 6822 | E49: 5236
A50: Statistische Differenz | B50: 223 | C50: 320 | D50: 330 | E50: 279
A51: Nachrichtlich
A52: Übrige Ausgaben 4) | B52: 517 | C52: 679 | D52: 708 | E52: 569
A53: Ersparnis | B53: 429 | C53: 625 | D53: 674 | E53: 430
A54: Sparquote (%) 5) | B54: 11.9 | C54: 14.4 | D54: 14.9 | E54: 11.8

Sheet 3.1.2
A1: Link zum Inhaltsverzeichnis
A2: 3.1 Einnahmen, Ausgaben und Konsum privater Haushalte
A3: 3.1.2 Aufwendungen privater Haushalte für den privaten Verbrauch 2023
A4: Merkmal | B4: Mecklenburg- Vorpommern | C4: Nachrichtlich: Deutschland | D4: Nachrichtlich: Früheres Bundes- gebiet ohne Berlin-West | E4: Nachrichtlich: Neue Länder und Berlin
A5: Haushalte | B5: 812000 | C5: 40836000 | D5: 32541000 | E5: 8295000
A6: Private Konsumausgaben je Haushalt und Monat in EUR | B6: 2659 | C6: 3032 | D6: 3130 | E6: 2646
A7: Nahrungsmittel, Getränke, Tabakwaren und Ähnliches | B7: 408 | C7: 436 | D7: 444 | E7: 404
A8: Bekleidung und Schuhe | B8: 98 | C8: 111 | D8: 115 | E8: 97
A9: darunter
A10: Herrenbekleidung (ab 14 Jahren) | B10: 23 | C10: 27 | D10: 28 | E10: 22
A11: Damenbekleidung (ab 14 Jahren) | B11: 41 | C11: 48 | D11: 50 | E11: 42
A12: Bekleidung für Kinder (unter 14 Jahren) | B12: 8 | C12: 9 | D12: 10 | E12: 9
A13: Schuhe und Schuhzubehör | B13: 19 | C13: 19 | D13: 20 | E13: 18
A14: Wohnen, Energie, Wohnungsinstandhaltung | B14: 920 | C14: 1137 | D14: 1189 | E14: 931
A15: Wohnungsmieten und Ähnliches | B15: 681 | C15: 884 | D15: 931 | E15: 701
A16: Energie | B16: 204 | C16: 215 | D16: 219 | E16: 198
A17: Wohnungsinstandhaltung | B17: 34 | C17: 38 | D17: 39 | E17: 32
A18: Innenausstattung, Haushaltsgeräte und -gegenstände | B18: 136 | C18: 137 | D18: 142 | E18: 120
A19: darunter
A20: Möbel, Einrichtungsgegenstände, lose Teppiche | B20: 58 | C20: 57 | D20: 59 | E20: 50
A21: Haushaltsgroßgeräte (elektrische und andere) | B21: 18 | C21: 16 | D21: 17 | E21: 15
A22: Haushaltskleingeräte (elektrische und andere) | B22: 5 | C22: 6 | D22: 7 | E22: 5
A23: Heimtextilien | B23: 10 | C23: 9 | D23: 9 | E23: 9
A24: Verbrauchsgüter für den Haushalt | B24: 14 | C24: 14 | D24: 14 | E24: 13
A25: Dienstleistungen von Haushaltshilfen und häusliche Dienste | B25: 3 | C25: 9 | D25: 10 | E25: 5
A26: Gesundheit | B26: 61 | C26: 98 | D26: 104 | E26: 74
A27: Hilfsmittel für die Gesundheit | B27: 10 | C27: 16 | D27: 16 | E27: 14
A28: Arzneimittel, medizinische Erzeugnisse | B28: 22 | C28: 28 | D28: 30 | E28: 23
A29: Gesundheitsdienstleistungen (ambulant und stationär) | B29: 30 | C29: 54 | D29: 58 | E29: 37
A30: Verkehr | B30: 352 | C30: 361 | D30: 375 | E30: 307
A31: darunter
A32: Personenkraftwagen (auch Leasing) | B32: 111 | C32: 104 | D32: 109 | E32: 85
A33: Kraft- und Fahrräder inklusive E-Bikes und Pedelecs (auch Leasing) | B33: 6 | C33: 15 | D33: 16 | E33: 10
A34: Ersatzteile und Zubehör | B34: 13 | C34: 15 | D34: 16 | E34: 13
A35: Kraft- und Schmierstoffe | B35: 105 | C35: 100 | D35: 104 | E35: 87
A36: Wartung, Reparaturen an Privatfahrzeugen | B36: 58 | C36: 51 | D36: 53 | E36: 43
A37: Personenbeförderungsdienstleistungen | B37: 33 | C37: 47 | D37: 47 | E37: 46
A38: Information und Kommunikation | B38: 131 | C38: 142 | D38: 144 | E38: 135
A39: Telefone und andere Geräte (Festnetz und mobil; ohne Vertrag, ohne SIM-Karte) | B39: 7 | C39: 8 | D39: 8 | E39: 8
A40: Dienstleistungen für Festnetz, Mobilfunk, Internet | B40: 65 | C40: 66 | D40: 67 | E40: 64
A41: andere Dienstleistungen und Gebühren | B41: 34 | C41: 36 | D41: 36 | E41: 34
A42: Freizeit, Unterhaltung und Kultur | B42: 253 | C42: 260 | D42: 262 | E42: 253
A43: darunter
A44: Musikinstrumente und audiovisuelle Medien | B44: 13 | C44: 3 | D44: 3 | E44: 3
A45: Spielwaren und Hobbys | B45: 26 | C45: 28 | D45: 29 | E45: 26
A46: Blumen und Gärten | B46: 20 | C46: 18 | D46: 18 | E46: 19
A47: Haustiere, Produkte für Haustiere | B47: 18 | C47: 16 | D47: 16 | E47: 16
A48: Freizeitdienstleistungen (unter anderem Miete, Reparatur) | B48: 34 | C48: 46 | D48: 48 | E48: 38
A49: Kulturdienstleistungen | B49: 27 | C49: 28 | D49: 28 | E49: 30
A50: Bücher (auch CD-ROMs, E-Book-Downloads) | B50: 8 | C50: 10 | D50: 11 | E50: 10
A51: Zeitungen, Zeitschriften und Ähnliches | B51: 13 | C51: 16 | D51: 17 | E51: 14
A52: Pauschalreisen | B52: 79 | C52: 71 | D52: 68 | E52: 80
A53: Bildungsdienstleistungen | B53: 21 | C53: 26 | D53: 27 | E53: 23
A54: darunter
A55: Gebühren für Bildungseinrichtungen und Kinderbetreuung (ohne Verpflegung) | B55: 19 | C55: 25 | D55: 25 | E55: 22
A56: Gastronomie- und Beherbergungsdienstleistungen | B56: 166 | C56: 206 | D56: 211 | E56: 187
A57: Gastronomiedienstleistungen | B57: 111 | C57: 138 | D57: 142 | E57: 121
A58: Beherbergungsdienstleistungen | B58: 54 | C58: 69 | D58: 69 | E58: 66
A59: Versicherungs- und Finanzdienstleistungen | B59: 5 | C59: 6 | D59: 7 | E59: 5
A60: Versicherungsdienstleistungen | B60: / | C60: 0 | D60: 0 | E60: /
A61: Finanzdienstleistungen | B61: 5 | C61: 6 | D61: 7 | E61: 5
A62: andere Waren und Dienstleistungen | B62: 110 | C62: 110 | D62: 111 | E62: 110
A63: darunter
A64: Schmuck, Uhren | B64: 5 | C64: 7 | D64: 8 | E64: 6
A65: Dienstleistungen für die Körperpflege | B65: 34 | C65: 35 | D65: 35 | E65: 35
A66: Körperpflegeartikel und -geräte | B66: 35 | C66: 39 | D66: 39 | E66: 37
A67: Private Konsumausgaben je Haushalt und Monate in % | B67: 100 | C67: 100 | D67: 100 | E67: 100
A68: Nahrungsmittel, Getränke, Tabakwaren und Ähnliches | B68: 15.3 | C68: 14.4 | D68: 14.2 | E68: 15.3
A69: Bekleidung und Schuhe | B69: 3.7 | C69: 3.7 | D69: 3.7 | E69: 3.7
A70: darunter
A71: Herrenbekleidung (ab 14 Jahren) | B71: 0.9 | C71: 0.9 | D71: 0.9 | E71: 0.8
A72: Damenbekleidung (ab 14 Jahren) | B72: 1.6 | C72: 1.6 | D72: 1.6 | E72: 1.6
A73: Bekleidung für Kinder (unter 14 Jahren) | B73: 0.3 | C73: 0.3 | D73: 0.3 | E73: 0.3
A74: Schuhe und Schuhzubehör | B74: 0.7 | C74: 0.6 | D74: 0.6 | E74: 0.7
A75: Wohnen, Energie, Wohnungsinstandhaltung | B75: 34.6 | C75: 37.5 | D75: 38 | E75: 35.2
A76: Wohnungsmieten und Ähnliches | B76: 25.6 | C76: 29.2 | D76: 29.7 | E76: 26.5
A77: Energie | B77: 7.7 | C77: 7.1 | D77: 7 | E77: 7.5
A78: Wohnungsinstandhaltung | B78: 1.3 | C78: 1.2 | D78: 1.3 | E78: 1.2
A79: Innenausstattung, Haushaltsgeräte und -gegenstände | B79: 5.1 | C79: 4.5 | D79: 4.5 | E79: 4.5
A80: darunter
A81: Möbel, Einrichtungsgegenstände, lose Teppiche | B81: 2.2 | C81: 1.9 | D81: 1.9 | E81: 1.9
A82: Haushaltsgroßgeräte (elektrische und andere) | B82: 0.7 | C82: 0.5 | D82: 0.5 | E82: 0.5
A83: Haushaltskleingeräte (elektrische und andere) | B83: 0.2 | C83: 0.2 | D83: 0.2 | E83: 0.2
A84: Heimtextilien | B84: 0.4 | C84: 0.3 | D84: 0.3 | E84: 0.3
A85: Verbrauchsgüter für den Haushalt | B85: 0.5 | C85: 0.5 | D85: 0.5 | E85: 0.5
A86: Dienstleistungen von Haushaltshilfen und häusliche Dienste | B86: 0.1 | C86: 0.3 | D86: 0.3 | E86: 0.2
A87: Gesundheit | B87: 2.3 | C87: 3.2 | D87: 3.3 | E87: 2.8
A88: Hilfsmittel für die Gesundheit | B88: 0.4 | C88: 0.5 | D88: 0.5 | E88: 0.5
A89: Arzneimittel, medizinische Erzeugnisse | B89: 0.8 | C89: 0.9 | D89: 0.9 | E89: 0.9
A90: Gesundheitsdienstleistungen (ambulant und stationär) | B90: 1.1 | C90: 1.8 | D90: 1.9 | E90: 1.4
A91: Verkehr | B91: 13.2 | C91: 11.9 | D91: 12 | E91: 11.6
A92: darunter
A93: Personenkraftwagen (auch Leasing) | B93: 4.2 | C93: 3.4 | D93: 3.5 | E93: 3.2
A94: Kraft- und Fahrräder inklusive E-Bikes und Pedelecs (auch Leasing) | B94: 0.2 | C94: 0.5 | D94: 0.5 | E94: 0.4
A95: Ersatzteile und Zubehör | B95: 0.5 | C95: 0.5 | D95: 0.5 | E95: 0.5
A96: Kraft- und Schmierstoffe | B96: 3.9 | C96: 3.3 | D96: 3.3 | E96: 3.3
A97: Wartung, Reparaturen an Privatfahrzeugen | B97: 2.2 | C97: 1.7 | D97: 1.7 | E97: 1.6
A98: Personenbeförderungsdienstleistungen | B98: 1.2 | C98: 1.5 | D98: 1.5 | E98: 1.7
A99: Information und Kommunikation | B99: 4.9 | C99: 4.7 | D99: 4.6 | E99: 5.1
A100: Telefone und andere Geräte (Festnetz und mobil; ohne Vertrag, ohne SIM-Karte) | B100: 0.3 | C100: 0.3 | D100: 0.3 | E100: 0.3
...

Sheet 3.1.3
A1: Link zum Inhaltsverzeichnis
A2: 3.1 Einnahmen, Ausgaben und Konsum privater Haushalte
A3: 3.1.3 Aufwendungen privater Haushalte für den privaten Verbrauch 2023 nach Haushaltsgröße
A4: Merkmal | B4: Haushalte insgesamt | C4: Mit 1 Person | D4: Mit 2 Personen | E4: Mit 3 Personen | F4: Mit 4 Personen | G4: Mit 5 und mehr Personen
A5: Haushalte | B5: 812000 | C5: 346000 | D5: 294000 | E5: 96000 | F5: 56000 | G5: 21000
A6: Private Konsumausgaben je Haushalt und Monat in EUR | B6: 2659 | C6: 1654 | D6: 3024 | E6: 3901 | F6: 4106 | G6: 4611
A7: Nahrungsmittel, Getränke, Tabakwaren und Ähnliches | B7: 408 | C7: 247 | D7: 457 | E7: 609 | F7: 666 | G7: 776
A8: Bekleidung und Schuhe | B8: 98 | C8: 58 | D8: 103 | E8: 167 | F8: 174 | G8: 175
A9: darunter
A10: Herrenbekleidung (ab 14 Jahren) | B10: 23 | C10: 14 | D10: 27 | E10: 36 | F10: 36 | G10: /
A11: Damenbekleidung (ab 14 Jahren) | B11: 41 | C11: 29 | D11: 45 | E11: 64 | F11: 58 | G11: /
A12: Bekleidung für Kinder (unter 14 Jahren) | B12: 8 | C12: 1 | D12: 3 | E12: 23 | F12: 40 | G12: /
A13: Schuhe und Schuhzubehör | B13: 19 | C13: 9 | D13: 22 | E13: 33 | F13: 34 | G13: 44
A14: Wohnen, Energie, Wohnungsinstandhaltung | B14: 920 | C14: 654 | D14: 1029 | E14: 1175 | F14: 1347 | G14: 1476
A15: Wohnungsmieten und Ähnliches | B15: 681 | C15: 493 | D15: 755 | E15: 865 | F15: 997 | G15: 1070
A16: Energie | B16: 204 | C16: 144 | D16: 232 | E16: 254 | F16: 288 | G16: 351
A17: Wohnungsinstandhaltung | B17: 34 | C17: 16 | D17: 42 | E17: 57 | F17: 62 | G17: /
A18: Innenausstattung, Haushaltsgeräte und -gegenstände | B18: 136 | C18: 72 | D18: 165 | E18: 226 | F18: 169 | G18: 303
A19: darunter
A20: Möbel, Einrichtungsgegenstände, lose Teppiche | B20: 58 | C20: 30 | D20: 74 | E20: 79 | F20: 58 | G20: 199
A21: Haushaltsgroßgeräte (elektrische und andere) | B21: 18 | C21: 10 | D21: 18 | E21: 34 | F21: 35 | G21: /
A22: Haushaltskleingeräte (elektrische und andere) | B22: 5 | C22: 3 | D22: 7 | E22: 3 | F22: 5 | G22: /
A23: Heimtextilien | B23: 10 | C23: 6 | D23: 11 | E23: 20 | F23: 10 | G23: /
A24: Verbrauchsgüter für den Haushalt | B24: 14 | C24: 8 | D24: 17 | E24: 21 | F24: 18 | G24: /
A25: Dienstleistungen von Haushaltshilfen und häusliche Dienste | B25: 3 | C25: / | D25: 4 | E25: / | F25: / | G25: /
A26: Gesundheit | B26: 61 | C26: 36 | D26: 81 | E26: 77 | F26: 73 | G26: /
A27: Hilfsmittel für die Gesundheit | B27: 10 | C27: 6 | D27: 13 | E27: 12 | F27: 9 | G27: /
A28: Arzneimittel, medizinische Erzeugnisse | B28: 22 | C28: 13 | D28: 27 | E28: 30 | F28: 29 | G28: /
A29: Gesundheitsdienstleistungen (ambulant und stationär) | B29: 30 | C29: 16 | D29: 41 | E29: 35 | F29: 35 | G29: /
A30: Verkehr | B30: 352 | C30: 189 | D30: 447 | E30: 533 | F30: 484 | G30: 535
A31: darunter
A32: Personenkraftwagen (auch Leasing) | B32: 111 | C32: 46 | D32: 179 | E32: 136 | F32: 142 | G32: /
A33: Kraft- und Fahrräder inklusive E-Bikes und Pedelecs (auch Leasing) | B33: 6 | C33: 3 | D33: 2 | E33: 20 | F33: 16 | G33: /
A34: Ersatzteile und Zubehör | B34: 13 | C34: 6 | D34: 15 | E34: 29 | F34: 19 | G34: /
A35: Kraft- und Schmierstoffe | B35: 105 | C35: 60 | D35: 120 | E35: 162 | F35: 168 | G35: 201
A36: Wartung, Reparaturen an Privatfahrzeugen | B36: 58 | C36: 32 | D36: 72 | E36: 83 | F36: 67 | G36: /
A37: Personenbeförderungsdienstleistungen | B37: 33 | C37: 28 | D37: 33 | E37: 46 | F37: 27 | G37: /
A38: Information und Kommunikation | B38: 131 | C38: 103 | D38: 133 | E38: 171 | F38: 198 | G38: 200
A39: Telefone und andere Geräte (Festnetz und mobil; ohne Vertrag, ohne SIM-Karte) | B39: 7 | C39: 6 | D39: 6 | E39: 11 | F39: 8 | G39: /
A40: Dienstleistungen für Festnetz, Mobilfunk, Internet | B40: 65 | C40: 50 | D40: 69 | E40: 82 | F40: 102 | G40: 100
A41: andere Dienstleistungen und Gebühren | B41: 34 | C41: 30 | D41: 34 | E41: 36 | F41: 46 | G41: 39
A42: Freizeit, Unterhaltung und Kultur | B42: 253 | C42: 122 | D42: 274 | E42: 473 | F42: 504 | G42: 423
A43: darunter
A44: Musikinstrumente und audiovisuelle Medien | B44: 13 | C44: 1 | D44: 6 | E44: 80 | F44: 4 | G44: /
A45: Spielwaren und Hobbys | B45: 26 | C45: 12 | D45: 25 | E45: 38 | F45: 75 | G45: 85
A46: Blumen und Gärten | B46: 20 | C46: 13 | D46: 26 | E46: 21 | F46: 27 | G46: /
A47: Haustiere, Produkte für Haustiere | B47: 18 | C47: 13 | D47: 20 | E47: 24 | F47: 19 | G47: /
A48: Freizeitdienstleistungen (unter anderem Miete, Reparatur) | B48: 34 | C48: 20 | D48: 39 | E48: 51 | F48: 56 | G48: 60
A49: Kulturdienstleistungen | B49: 27 | C49: 16 | D49: 27 | E49: 49 | F49: 52 | G49: 58
A50: Bücher (auch CD-ROMs, E-Book-Downloads) | B50: 8 | C50: 6 | D50: 8 | E50: 11 | F50: 12 | G50: 14
A51: Zeitungen, Zeitschriften und Ähnliches | B51: 13 | C51: 9 | D51: 17 | E51: 13 | F51: 11 | G51: /
A52: Pauschalreisen | B52: 79 | C52: 27 | D52: 85 | E52: 167 | F52: / | G52: /
A53: Bildungsdienstleistungen | B53: 21 | C53: 12 | D53: 17 | E53: 41 | F53: 32 | G53: /
A54: darunter
A55: Gebühren für Bildungseinrichtungen und Kinderbetreuung (ohne Verpflegung) | B55: 19 | C55: 11 | D55: 17 | E55: 36 | F55: 30 | G55: /
A56: Gastronomie- und Beherbergungsdienstleistungen | B56: 166 | C56: 81 | D56: 203 | E56: 241 | F56: 324 | G56: 272
A57: Gastronomiedienstleistungen | B57: 111 | C57: 57 | D57: 127 | E57: 175 | F57: 228 | G57: 189
A58: Beherbergungsdienstleistungen | B58: 54 | C58: 24 | D58: 76 | E58: 67 | F58: 96 | G58: /
A59: Versicherungs- und Finanzdienstleistungen | B59: 5 | C59: 3 | D59: 5 | E59: 10 | F59: 6 | G59: /
A60: Versicherungsdienstleistungen | B60: / | C60: - | D60: / | E60: / | F60: - | G60: /
A61: Finanzdienstleistungen | B61: 5 | C61: 3 | D61: 5 | E61: 10 | F61: 6 | G61: /
A62: andere Waren und Dienstleistungen | B62: 110 | C62: 79 | D62: 111 | E62: 178 | F62: 129 | G62: 241
A63: darunter
A64: Schmuck, Uhren | B64: 5 | C64: 4 | D64: 7 | E64: 8 | F64: 6 | G64: /
A65: Dienstleistungen für die Körperpflege | B65: 34 | C65: 23 | D65: 40 | E65: 41 | F65: 49 | G65: 52
A66: Körperpflegeartikel und -geräte | B66: 35 | C66: 22 | D66: 38 | E66: 55 | F66: 57 | G66: 85
A68: Grafik 3.6 | I68: Daten der Grafik 3.6 "Struktur der durchschnittlichen Konsumausgaben privater Haushalte 2023 nach Haushaltsgröße"
I69: Konsumausgaben für… | J69: Haushalt mit 1 Person (Insgesamt = 100 %) | K69: Haushalt mit 2 Personen (Insgesamt = 100 %) | L69: Haushalt mit 3 Personen (Insgesamt = 100 %) | M69: Haushalt mit 4 und mehr Personen (Insgesamt = 100 %)
I70: Nahrungsmittel, Getränke, Tabakwaren und Ähnliches | J70: 14.9 | K70: 15.1 | L70: 15.6 | M70: 16.367079
I71: Bekleidung und Schuhe | J71: 3.5 | K71: 3.4 | L71: 4.3 | M71: 4.1307594
I72: Wohnen, Energie, Wohnungsinstandhaltung | J72: 39.5 | K72: 34 | L72: 30.1 | M72: 32.613858
I73: Innenausstattung, Haushaltsgeräte und -gegenstände | J73: 4.3 | K73: 5.5 | L73: 5.8 | M73: 4.6571164
I74: Gesundheit | J74: 2.2 | K74: 2.7 | L74: 2 | M74: 1.874198
I75: Verkehr | J75: 11.4 | K75: 14.8 | L75: 13.7 | M75: 11.743025
I76: Information und Kommunikation | J76: 6.2 | K76: 4.4 | L76: 4.4 | M76: 4.7052998
I77: Freizeit, Unterhaltung und Kultur sowie Bildungs-, Versicherungs- und Finanzdienstleistungen | J77: 8.3 | K77: 9.9 | L77: 13.3 | M77: 12.917038
I78: Gastronomie- und Beherbergungsdienstleistungen | J78: 4.9 | K78: 6.7 | L78: 6.2 | M78: 7.4084664
I79: Andere Waren und Dienstleistungen | J79: 4.8 | K79: 3.7 | L79: 4.6 | M79: 3.6445675

Sheet 3.1.4
A1: Link zum Inhaltsverzeichnis
A2: 3.1 Einnahmen, Ausgaben und Konsum privater Haushalte
A3: 3.1.4 Aufwendungen privater Haushalte für den privaten Verbrauch 2023 nach Haushaltstyp
A4: Merkmal | B4: Insgesamt | C4: Allein- lebende | D4: Allein- erzie- hende 6) | E4: Paare insgesamt | F4: Paare ohne Kinder | G4: Paare mit Kindern 7) | H4: Sonstige Haus- halte 8)
A5: Haushalte | B5: 812000 | C5: 346000 | D5: 28000 | E5: 356000 | F5: 249000 | G5: 107000 | H5: 82000
A6: Private Konsumausgaben je Haushalt und Monat in EUR | B6: 2659 | C6: 1654 | D6: 2204 | E6: 3354 | F6: 3152 | G6: 3822 | H6: 4038
A7: Nahrungsmittel, Getränke, Tabakwaren und Ähnliches | B7: 408 | C7: 247 | D7: 409 | E7: 514 | F7: 466 | G7: 623 | H7: 627
A8: Bekleidung und Schuhe | B8: 98 | C8: 58 | D8: 98 | E8: 124 | F8: 103 | G8: 174 | H8: 155
A9: darunter
A10: Herrenbekleidung (ab 14 Jahren) | B10: 23 | C10: 14 | D10: / | E10: 31 | F10: 28 | G10: 38 | H10: 35
A11: Damenbekleidung (ab 14 Jahren) | B11: 41 | C11: 29 | D11: 38 | E11: 46 | F11: 44 | G11: 51 | H11: 74
A12: Bekleidung für Kinder (unter 14 Jahren) | B12: 8 | C12: 1 | D12: 26 | E12: 14 | F12: 2 | G12: 41 | H12: /
A13: Schuhe und Schuhzubehör | B13: 19 | C13: 9 | D13: 20 | E13: 25 | F13: 21 | G13: 36 | H13: 32
A14: Wohnen, Energie, Wohnungsinstandhaltung | B14: 920 | C14: 654 | D14: 857 | E14: 1120 | F14: 1075 | G14: 1223 | H14: 1196
A15: Wohnungsmieten und Ähnliches | B15: 681 | C15: 493 | D15: 665 | E15: 822 | F15: 784 | G15: 910 | H15: 868
A16: Energie | B16: 204 | C16: 144 | D16: 185 | E16: 249 | F16: 242 | G16: 264 | H16: 270
A17: Wohnungsinstandhaltung | B17: 34 | C17: 16 | D17: / | E17: 49 | F17: 49 | G17: 49 | H17: 59
A18: Innenausstattung, Haushaltsgeräte und -gegenstände | B18: 136 | C18: 72 | D18: 61 | E18: 178 | F18: 165 | G18: 208 | H18: 252
A19: darunter
A20: Möbel, Einrichtungsgegenstände, lose Teppiche | B20: 58 | C20: 30 | D20: 20 | E20: 77 | F20: 66 | G20: 102 | H20: 106
A21: Haushaltsgroßgeräte (elektrische und andere) | B21: 18 | C21: 10 | D21: / | E21: 21 | F21: 20 | G21: 23 | H21: /
A22: Haushaltskleingeräte (elektrische und andere) | B22: 5 | C22: 3 | D22: / | E22: 7 | F22: 8 | G22: 6 | H22: /
A23: Heimtextilien | B23: 10 | C23: 6 | D23: 5 | E23: 12 | F23: 12 | G23: 10 | H23: 21
A24: Verbrauchsgüter für den Haushalt | B24: 14 | C24: 8 | D24: 13 | E24: 18 | F24: 18 | G24: 18 | H24: 20
A25: Dienstleistungen von Haushaltshilfen und häusliche Dienste | B25: 3 | C25: / | D25: / | E25: 4 | F25: 3 | G25: / | H25: /
A26: Gesundheit | B26: 61 | C26: 36 | D26: 35 | E26: 78 | F26: 89 | G26: 52 | H26: 107
A27: Hilfsmittel für die Gesundheit | B27: 10 | C27: 6 | D27: / | E27: 13 | F27: 14 | G27: 9 | H27: /
A28: Arzneimittel, medizinische Erzeugnisse | B28: 22 | C28: 13 | D28: 14 | E28: 27 | F28: 29 | G28: 23 | H28: 34
A29: Gesundheitsdienstleistungen (ambulant und stationär) | B29: 30 | C29: 16 | D29: 17 | E29: 37 | F29: 45 | G29: 19 | H29: 59
A30: Verkehr | B30: 352 | C30: 189 | D30: 181 | E30: 477 | F30: 470 | G30: 491 | H30: 556
A31: darunter
A32: Personenkraftwagen (auch Leasing) | B32: 111 | C32: 46 | D32: 22 | E32: 174 | F32: 199 | G32: 117 | H32: 142
A33: Kraft- und Fahrräder inklusive E-Bikes und Pedelecs (auch Leasing) | B33: 6 | C33: 3 | D33: 3 | E33: 8 | F33: 2 | G33: 22 | H33: 7
A34: Ersatzteile und Zubehör | B34: 13 | C34: 6 | D34: 9 | E34: 18 | F34: 17 | G34: 20 | H34: 25
A35: Kraft- und Schmierstoffe | B35: 105 | C35: 60 | D35: 95 | E35: 137 | F35: 126 | G35: 162 | H35: 159
A36: Wartung, Reparaturen an Privatfahrzeugen | B36: 58 | C36: 32 | D36: 11 | E36: 70 | F36: 64 | G36: 85 | H36: 130
A37: Personenbeförderungsdienstleistungen | B37: 33 | C37: 28 | D37: 28 | E37: 34 | F37: 33 | G37: 36 | H37: 46
A38: Information und Kommunikation | B38: 131 | C38: 103 | D38: 125 | E38: 145 | F38: 133 | G38: 173 | H38: 189
A39: Telefone und andere Geräte (Festnetz und mobil; ohne Vertrag, ohne SIM-Karte) | B39: 7 | C39: 6 | D39: 9 | E39: 8 | F39: 6 | G39: 13 | H39: 5
A40: Dienstleistungen für Festnetz, Mobilfunk, Internet | B40: 65 | C40: 50 | D40: 73 | E40: 72 | F40: 67 | G40: 83 | H40: 99
A41: andere Dienstleistungen und Gebühren | B41: 34 | C41: 30 | D41: 33 | E41: 36 | F41: 34 | G41: 41 | H41: 37
A42: Freizeit, Unterhaltung und Kultur | B42: 253 | C42: 122 | D42: 195 | E42: 317 | F42: 293 | G42: 373 | H42: 542
A43: darunter
A44: Musikinstrumente und audiovisuelle Medien | B44: 13 | C44: 1 | D44: / | E44: 9 | F44: 6 | G44: 15 | H44: /
A45: Spielwaren und Hobbys | B45: 26 | C45: 12 | D45: 37 | E45: 38 | F45: 24 | G45: 71 | H45: 27
A46: Blumen und Gärten | B46: 20 | C46: 13 | D46: 9 | E46: 27 | F46: 29 | G46: 22 | H46: 22
A47: Haustiere, Produkte für Haustiere | B47: 18 | C47: 13 | D47: 21 | E47: 21 | F47: 20 | G47: 22 | H47: 23
A48: Freizeitdienstleistungen (unter anderem Miete, Reparatur) | B48: 34 | C48: 20 | D48: 50 | E48: 44 | F48: 39 | G48: 55 | H48: 46
A49: Kulturdienstleistungen | B49: 27 | C49: 16 | D49: 21 | E49: 34 | F49: 28 | G49: 49 | H49: 47
A50: Bücher (auch CD-ROMs, E-Book-Downloads) | B50: 8 | C50: 6 | D50: 6 | E50: 9 | F50: 8 | G50: 11 | H50: 14
A51: Zeitungen, Zeitschriften und Ähnliches | B51: 13 | C51: 9 | D51: 6 | E51: 16 | F51: 18 | G51: 9 | H51: 15
A52: Pauschalreisen | B52: 79 | C52: 27 | D52: / | E52: 96 | F52: 97 | G52: 94 | H52: /
A53: Bildungsdienstleistungen | B53: 21 | C53: 12 | D53: / | E53: 28 | F53: 18 | G53: 51 | H53: /
A54: darunter
A55: Gebühren für Bildungseinrichtungen und Kinderbetreuung (ohne Verpflegung) | B55: 19 | C55: 11 | D55: / | E55: 26 | F55: 18 | G55: 44 | H55: /
A56: Gastronomie- und Beherbergungsdienstleistungen | B56: 166 | C56: 81 | D56: 108 | E56: 242 | F56: 219 | G56: 296 | H56: 210
A57: Gastronomiedienstleistungen | B57: 111 | C57: 57 | D57: 86 | E57: 157 | F57: 135 | G57: 208 | H57: 151
A58: Beherbergungsdienstleistungen | B58: 54 | C58: 24 | D58: 23 | E58: 85 | F58: 84 | G58: 88 | H58: 59
A59: Versicherungs- und Finanzdienstleistungen | B59: 5 | C59: 3 | D59: 21 | E59: 5 | F59: 5 | G59: 5 | H59: 6
A60: Versicherungsdienstleistungen | B60: / | C60: - | D60: - | E60: / | F60: / | G60: / | H60: -
A61: Finanzdienstleistungen | B61: 5 | C61: 3 | D61: 21 | E61: 5 | F61: 5 | G61: 5 | H61: 6
A62: andere Waren und Dienstleistungen | B62: 110 | C62: 79 | D62: 94 | E62: 127 | F62: 116 | G62: 152 | H62: 170
A63: darunter
A64: Schmuck, Uhren | B64: 5 | C64: 4 | D64: 4 | E64: 7 | F64: 7 | G64: 8 | H64: 6
A65: Dienstleistungen für die Körperpflege | B65: 34 | C65: 23 | D65: 24 | E65: 43 | F65: 43 | G65: 43 | H65: 46
A66: Körperpflegeartikel und -geräte | B66: 35 | C66: 22 | D66: 43 | E66: 46 | F66: 39 | G66: 63 | H66: 45
A68: Grafik 3.7 | J68: Daten der Grafik 3.7 "Struktur der durchschnittlichen Konsumausgaben privater Haushalte 2023 für ausgewählte Haushaltstypen"
J69: Konsumausgaben für… | K69: Alleinlebende (Insgesamt = 100 %) | L69: Alleinerziehende (Insgesamt = 100 %) | M69: Paare ohne Kinder (Insgesamt = 100 %) | N69: Paare mit Kindern (Insgesamt = 100 %)
J70: Nahrungsmittel, Getränke, Tabakwaren und Ähnliches | K70: 14.9 | L70: 18.5 | M70: 14.8 | N70: 16.3
J71: Bekleidung und Schuhe | K71: 3.5 | L71: 4.4 | M71: 3.3 | N71: 4.6
J72: Wohnen, Energie, Wohnungsinstandhaltung | K72: 39.5 | L72: 38.9 | M72: 34.1 | N72: 32
J73: Innenausstattung, Haushaltsgeräte und -gegenstände | K73: 4.3 | L73: 2.8 | M73: 5.2 | N73: 5.4
J74: Gesundheit | K74: 2.2 | L74: 1.6 | M74: 2.8 | N74: 1.4
J75: Verkehr | K75: 11.4 | L75: 8.2 | M75: 14.9 | N75: 12.9
J76: Information und Kommunikation | K76: 6.2 | L76: 5.7 | M76: 4.2 | N76: 4.5
J77: Freizeit, Unterhaltung und Kultur sowie Bildungs-, Versicherungs-, und Finanzdienstleistungen | K77: =7.4+0.7+0.2 -> 8.3 | L77: =8.9+0.8+1 -> 10.7 | M77: =9.3+0.6+0.2 -> 10.1 | N77: =9.8+1.3+0.1 -> 11.2
J78: Gastronomie- und Beherbergungsdienstleistungen | K78: 4.9 | L78: 4.9 | M78: 7 | N78: 7.7
J79: Andere Waren und Dienstleistungen | K79: 4.8 | L79: 4.3 | M79: 3.7 | N79: 4

Sheet 3.1.5
A1: Link zum Inhaltsverzeichnis
A2: 3.1 Einnahmen, Ausgaben und Konsum privater Haushalte
A3: 3.1.5 Aufwendungen privater Haushalte für Nahrungsmittel, Getränke und Tabakwaren 2023
A4: Merkmal | B4: Mecklenburg-Vorpommern | C4: Nachrichtlich: Deutschland | D4: Nachrichtlich: Früheres Bundes- gebiet ohne Berlin-West | E4: Nachrichtlich: Neue Länder und Berlin
A5: Haushalte | B5: 812000 | C5: 40836000 | D5: 32550000 | E5: 8286000
A6: Private Konsumausgaben je Haushalt und Monat in EUR
A7: Nahrungsmittel, Getränke und Tabakwaren | B7: 428.56 | C7: 429.84 | D7: 436.03 | E7: 405.52
A8: Nahrungsmittel und alkoholfreie Getränke | B8: 370.26 | C8: 375.83 | D8: 381.67 | E8: 352.92
A9: Nahrungsmittel | B9: 331.81 | C9: 333.77 | D9: 338.7 | E9: 314.38
A10: davon
A11: Getreide und Getreideerzeugnisse | B11: 50.98 | C11: 57.04 | D11: 58.71 | E11: 50.5
A12: Lebende Tiere, Fleisch und andere Teile geschlachteter Landtiere | B12: 60.73 | C12: 62.2 | D12: 63.16 | E12: 58.42
A13: Fisch, Fischwaren und andere Meeresfrüchte | B13: 11.83 | C13: 11.43 | D13: 11.81 | E13: 9.93
A14: Milch, andere Molkereiprodukte und Eier | B14: 54.4 | C14: 55.83 | D14: 56.86 | E14: 51.8
A15: Speisefette und Speiseöle | B15: 10.05 | C15: 8.73 | D15: 8.51 | E15: 9.56
A16: Obst und Nüsse | B16: 33.86 | C16: 31.64 | D16: 31.29 | E16: 32.99
A17: Gemüse, Knollengewächse, Kochbananen und Hülsenfrüchte | B17: 48.82 | C17: 46.42 | D17: 47.06 | E17: 43.93
A18: Zucker, Süßwaren und Desserts | B18: 30.73 | C18: 26.28 | D18: 26.39 | E18: 25.85
A19: Fertiggerichte und andere Nahrungsmittel, anderweitig nicht genannt | B19: 27.79 | C19: 31.22 | D19: 31.96 | E19: 28.33
A20: Nahrungsmittel ohne nähere Bezeichnung | B20: / | C20: 2.97 | D20: 2.94 | E20: 3.06
A21: Alkoholfreie Getränke | B21: 38.46 | C21: 42.07 | D21: 42.97 | E21: 38.54
A22: darunter
A23: Kaffee, Tee, Kakao | B23: 13.17 | C23: 14.59 | D23: 14.58 | E23: 14.66
A24: Mineralwasser, Erfrischungsgetränke, Säfte | B24: 22.36 | C24: 24.48 | D24: 25.5 | E24: 20.54
A25: Alkoholische Getränke, Tabakwaren | B25: 58.3 | C25: 54 | D25: 54.36 | E25: 52.6
A26: davon
A27: alkoholische Getränke | B27: 31.8 | C27: 34.64 | D27: 35.02 | E27: 33.15
A28: Tabakwaren | B28: 26.5 | C28: 19.36 | D28: 19.34 | E28: 19.45
A30: Grafik 3.8 | G30: Daten der Grafik 3.8 "Aufwendungen privater Haushalte für Nahrungsmittel, Getränke und Tabakwaren 2023"
G31: Merkmal | H31: Mecklenburg-Vorpommern = 100 % | I31: Deutschland = 100 %
G32: Nahrungsmittel | H32: =B9/B7*100 -> 77.424398 | I32: =C9/C7*100 -> 77.649823
G33: Alkoholfreie Getränke | H33: =B21/B7*100 -> 8.9742393 | I33: =C21/C7*100 -> 9.7873627
G34: Alkoholische Getränke, Tabakwaren | H34: =B25/B7*100 -> 13.603696 | I34: =C25/C7*100 -> 12.562814

Sheet 3.2.1
A1: Link zum Inhaltsverzeichnis
A2: 3.2 Ausstattung privater Haushalte
A3: 3.2.1 Ausstattungsgrad privater Haushalte mit ausgewählten langlebigen Gebrauchsgütern im Zeitvergleich
A4: Merkmal | B4: 2013 9) | C4: 2018 9) | D4: 2023 | E4: Nachrichtlich: Deutschland | F4: Nachrichtlich: Früheres Bundes- gebiet ohne Berlin-West | G4: Nachrichtlich: Neue Länder und Berlin
A5: Erfasste Haushalte (Anzahl) | B5: 1726 | C5: 1640 | D5: 1331 | E5: 54040 | F5: 41431 | G5: 12609
A6: Hochgerechnete Haushalte (Anzahl) | B6: 846000 | C6: 816000 | D6: 812000 | E6: 40836000 | F6: 32541000 | G6: 8295000
A7: Ausstattungsgrad der Haushalte in % 10)
A8: Fahrzeuge
A9: Personenkraftwagen | B9: 74.7 | C9: 77.7 | D9: 79.3 | E9: 80 | F9: 82 | G9: 72.4
A10: darunter: Elektroauto, Plug-in-Hybrid | B10: - | C10: - | D10: 4.1 | E10: 6 | F10: 6.7 | G10: 3.5
A11: neu gekauft | B11: 29.2 | C11: 28.3 | D11: 26 | E11: 31.2 | F11: 32.2 | G11: 27.4
A12: gebraucht gekauft | B12: 50.7 | C12: 53.4 | D12: 56.9 | E12: 52.5 | F12: 53.8 | G12: 47.6
A13: geleast 11) | B13: 2.3 | C13: 3 | D13: 5.4 | E13: 8.4 | F13: 9 | G13: 6
A14: Kraftrad (auch Mofa, Roller, E-Bike mit Führer- scheinpflicht) | B14: 8.3 | C14: 8.7 | D14: 10.4 | E14: 12.1 | F14: 12.5 | G14: 10.4
A15: Fahrrad | B15: 82.9 | C15: 84.8 | D15: 82.2 | E15: 78.4 | F15: 78.5 | G15: 77.9
A16: darunter: Pedelec (E-Bike ohne Führerschein- pflicht) | B16: - | C16: 4.2 | D16: 16.1 | E16: 20.6 | F16: 22.4 | G16: 13.2
A17: Unterhaltungselektronik
A18: Fernseher | B18: 96 | C18: 97.1 | D18: 98.4 | E18: 98.9 | F18: 99 | G18: 98.7
A19: Satelliten-TV-Anschluss | B19: 44 | C19: 44.8 | D19: 40.1 | E19: 40.4 | F19: 42.1 | G19: 33.7
A20: Kabel-TV-Anschluss | B20: 56.4 | C20: 54.2 | D20: 49.1 | E20: 42.4 | F20: 41.2 | G20: 47.5
A21: Antennen-TV-Anschluss (DVB-T2 HD) | B21: 5 | C21: 6.5 | D21: 4 | E21: 7.1 | F21: 6.9 | G21: 8
A22: TV über DSL/Internet (IPTV) | B22: - | C22: - | D22: 20.6 | E22: 28 | F22: 28.5 | G22: 26.1
A23: DVD- und Blu-ray-Geräte | B23: - | C23: 62.7 | D23: 52.8 | E23: 50 | F23: 49.5 | G23: 51.8
A24: darunter: Blu-ray-Gerät | B24: - | C24: 21.1 | D24: 23.3 | E24: 24.2 | F24: 24.3 | G24: 23.8
A25: Spielkonsole (auch tragbar) | B25: 21.5 | C25: 23.5 | D25: 32.8 | E25: 34.6 | F25: 35.2 | G25: 32.3
A26: Informations- und Kommunikationstechnik
A27: Personalcomputer (PC) | B27: 81.7 | C27: 86 | D27: 93.6 | E27: 94.5 | F27: 94.7 | G27: 93.8
A28: stationär | B28: 48.5 | C28: 37.2 | D28: 37.7 | E28: 41.8 | F28: 42.4 | G28: 39.6
A29: mobil | B29: 58.6 | C29: 76 | D29: 88 | E29: 89.2 | F29: 89.6 | G29: 87.6
A30: Laptop/Notebook, Netbook | B30: - | C30: 66.8 | D30: 76.6 | E30: 79.8 | F30: 80.3 | G30: 78.2
A31: Tablet | B31: - | C31: 41.9 | D31: 58.8 | E31: 60.4 | F31: 61.4 | G31: 56.6
A32: Internetanschluss | B32: 74 | C32: 89.8 | D32: 99.7 | E32: 99.1 | F32: 99.1 | G32: 99.1
A33: stationär (z. B. DSL oder Kabel) | B33: - | C33: 79.8 | D33: 86.4 | E33: 89.7 | F33: 90 | G33: 88.4
A34: mobil (z. B. Smartphone, Surfstick) | B34: - | C34: 52.8 | D34: 96.6 | E34: 96.9 | F34: 97 | G34: 96.7
A35: Telefon | B35: 99.7 | C35: 99.8 | D35: 100 | E35: 100 | F35: 100 | G35: 100
A36: Festnetztelefon (auch schnurlos) | B36: 82.9 | C36: 79.8 | D36: 63.5 | E36: 72.4 | F36: 73.8 | G36: 67.2
A37: Mobiltelefon (Handy, Smartphone) | B37: 93 | C37: 96.9 | D37: 99.5 | E37: 99 | F37: 99 | G37: 99.1
A38: darunter: Smartphone | B38: - | C38: 72.5 | D38: 94.8 | E38: 95.7 | F38: 95.8 | G38: 95.1
A39: Haushalts- und sonstige Geräte
A40: Kühlschrank (auch als Kühl- und Gefrier- kombination) | B40: 99.6 | C40: 99.6 | D40: 100 | E40: 99.9 | F40: 99.9 | G40: 99.9
A41: Gefrierschrank/-truhe | B41: 48.5 | C41: 46.2 | D41: 41.9 | E41: 46.4 | F41: 48.7 | G41: 37.4
A42: Geschirrspülmaschine | B42: 60.7 | C42: 65.5 | D42: 70 | E42: 78 | F42: 79.4 | G42: 72.5
A43: Mikrowellengerät | B43: 74.7 | C43: 75.3 | D43: 74.2 | E43: 72.2 | F43: 72.2 | G43: 72.4
A44: Waschmaschine | B44: 98.3 | C44: 97.5 | D44: 98.7 | E44: 97.4 | F44: 97.3 | G44: 98.1
A45: Wäschetrockner (auch im Kombigerät) | B45: 22.7 | C45: 27.7 | D45: 32.8 | E45: 47.3 | F45: 51.2 | G45: 32
A46: Elektroherd (auch im Kombigerät) | B46: 91.7 | C46: 93.5 | D46: 94.5 | E46: 94.6 | F46: 95.3 | G46: 92
A47: Heimtrainer (z. B. Ergometer, Laufband, Crosstrainer, Kraftbank) | B47: 21.8 | C47: 23.5 | D47: 23.3 | E47: 25.6 | F47: 26.4 | G47: 22.6

Sheet 3.2.2
A1: Link zum Inhaltsverzeichnis
A2: 3.2 Ausstattung privater Haushalte
A3: 3.2.2 Ausstattungsgrad privater Haushalte mit ausgewählten langlebigen Gebrauchsgütern 2023 nach Haushaltsgröße
A4: Merkmal | B4: Haushalte insgesamt | C4: Mit 1 Person | D4: Mit 2 Personen | E4: Mit 3 Personen | F4: Mit 4 Personen | G4: Mit 5 und mehr Personen
A5: Erfasste Haushalte (Anzahl) | B5: 1331 | C5: 494 | D5: 532 | E5: 169 | F5: 106 | G5: 30
A6: Hochgerechnete Haushalte (Anzahl) | B6: 812000 | C6: 346000 | D6: 294000 | E6: 96000 | F6: 56000 | G6: 21000
A7: Ausstattungsgrad der Haushalte in % 10)
A8: Fahrzeuge
A9: Personenkraftwagen | B9: 79.3 | C9: 62.2 | D9: 91.4 | E9: 92.6 | F9: 96.6 | G9: 83.4
A10: darunter: Elektroauto, Plug-in-Hybrid | B10: 4.1 | C10: / | D10: 5.6 | E10: / | F10: / | G10: /
A11: neu gekauft | B11: 26 | C11: 17.7 | D11: 35.6 | E11: 26 | F11: 26.9 | G11: /
A12: gebraucht gekauft | B12: 56.9 | C12: 44.5 | D12: 59.5 | E12: 76.7 | F12: 84.4 | G12: /
A13: geleast 11) | B13: 5.4 | C13: / | D13: 6.3 | E13: / | F13: / | G13: /
A14: Kraftrad (auch Mofa, Roller, E-Bike mit Führer- scheinpflicht) | B14: 10.4 | C14: / | D14: 13.9 | E14: 20.6 | F14: / | G14: /
A15: Fahrrad | B15: 82.2 | C15: 71.6 | D15: 87.8 | E15: 94.3 | F15: 95 | G15: 86.9
A16: darunter: Pedelec (E-Bike ohne Führerschein- pflicht) | B16: 16.1 | C16: 9.6 | D16: 24.9 | E16: 15.3 | F16: / | G16: /
A17: Unterhaltungselektronik
A18: Fernseher | B18: 98.4 | C18: 97.7 | D18: 99 | E18: 97.4 | F18: 100 | G18: 100
A19: Satelliten-TV-Anschluss | B19: 40.1 | C19: 27.4 | D19: 47.6 | E19: 46 | F19: 62.2 | G19: /
A20: Kabel-TV-Anschluss | B20: 49.1 | C20: 60.6 | D20: 44.5 | E20: 38.6 | F20: 27.8 | G20: /
A21: Antennen-TV-Anschluss (DVB-T2 HD) | B21: 4 | C21: / | D21: / | E21: / | F21: / | G21: -
A22: TV über DSL/Internet (IPTV) | B22: 20.6 | C22: 18 | D22: 22.2 | E22: 21.4 | F22: 25 | G22: /
A23: DVD- und Blu-ray-Geräte | B23: 52.8 | C23: 45.8 | D23: 58.3 | E23: 52.2 | F23: 68.9 | G23: /
A24: darunter: Blu-ray-Gerät | B24: 23.3 | C24: 15.8 | D24: 26.9 | E24: 26.4 | F24: 45.2 | G24: /
A25: Spielkonsole (auch tragbar) | B25: 32.8 | C25: 19 | D25: 28.9 | E25: 61.4 | F25: 73.9 | G25: /
A26: Informations- und Kommunikationstechnik
A27: Personalcomputer (PC) | B27: 93.6 | C27: 90.1 | D27: 95.4 | E27: 99.3 | F27: 95.8 | G27: 93.4
A28: stationär | B28: 37.7 | C28: 27.3 | D28: 44.7 | E28: 49.4 | F28: 47.4 | G28: /
A29: mobil | B29: 88 | C29: 82.1 | D29: 91.6 | E29: 92.1 | F29: 95.8 | G29: 93.4
A30: Laptop/Notebook, Netbook | B30: 76.6 | C30: 71.1 | D30: 79.2 | E30: 82.4 | F30: 82.7 | G30: 89.3
A31: Tablet | B31: 58.8 | C31: 45.1 | D31: 64.9 | E31: 71.6 | F31: 82.7 | G31: 79.1
A32: Internetanschluss | B32: 99.7 | C32: 99.4 | D32: 99.8 | E32: 100 | F32: 100 | G32: 100
A33: stationär (z. B. DSL oder Kabel) | B33: 86.4 | C33: 79.6 | D33: 91.1 | E33: 94.1 | F33: 92.6 | G33: 82.9
A34: mobil (z. B. Smartphone, Surfstick) | B34: 96.6 | C34: 95.3 | D34: 97.5 | E34: 96.9 | F34: 98.9 | G34: 100
A35: Telefon | B35: 100 | C35: 100 | D35: 100 | E35: 100 | F35: 100 | G35: 100
A36: Festnetztelefon (auch schnurlos) | B36: 63.5 | C36: 53.6 | D36: 73.1 | E36: 67.9 | F36: 70.4 | G36: /
A37: Mobiltelefon (Handy, Smartphone) | B37: 99.5 | C37: 99.3 | D37: 99.6 | E37: 100 | F37: 98.9 | G37: 100
A38: darunter: Smartphone | B38: 94.8 | C38: 92.3 | D38: 96.1 | E38: 96.4 | F38: 98.5 | G38: 100
A39: Haushalts- und sonstige Geräte
A40: Kühlschrank (auch als Kühl- und Gefrier- kombination) | B40: 100 | C40: 100 | D40: 100 | E40: 100 | F40: 100 | G40: 100
A41: Gefrierschrank/-truhe | B41: 41.9 | C41: 32.6 | D41: 50.5 | E41: 46.5 | F41: 46.3 | G41: /
A42: Geschirrspülmaschine | B42: 70 | C42: 48.5 | D42: 83.8 | E42: 86.5 | F42: 95.5 | G42: 89.4
A43: Mikrowellengerät | B43: 74.2 | C43: 65.1 | D43: 79.5 | E43: 81 | F43: 85.7 | G43: 87.7
A44: Waschmaschine | B44: 98.7 | C44: 97.6 | D44: 99.2 | E44: 100 | F44: 100 | G44: 100
A45: Wäschetrockner (auch im Kombigerät) | B45: 32.8 | C45: 17.1 | D45: 41.4 | E45: 36.5 | F45: 64.6 | G45: /
A46: Elektroherd (auch im Kombigerät) | B46: 94.5 | C46: 92.7 | D46: 96.3 | E46: 96.3 | F46: 94.5 | G46: 91.5
A47: Heimtrainer (z. B. Ergometer, Laufband, Crosstrainer, Kraftbank) | B47: 23.3 | C47: 17.1 | D47: 25.9 | E47: 30 | F47: 38.8 | G47: /

Sheet 3.2.3
A1: Link zum Inhaltsverzeichnis
A2: 3.2 Ausstattung privater Haushalte
A3: 3.2.3 Ausstattungsgrad privater Haushalte mit ausgewählten langlebigen Gebrauchsgütern 2023 nach Haushaltstyp
A4: Merkmal | B4: Haushalte insgesamt | C4: Allein- lebende | D4: Allein- erzie- hende 6) | E4: Paare insgesamt | F4: Paare ohne Kinder | G4: Paare mit Kindern 7) | H4: Sonstige Haus- halte 8)
A5: Erfasste Haushalte (Anzahl) | B5: 1331 | C5: 494 | D5: 81 | E5: 676 | F5: 448 | G5: 228 | H5: 80
A6: Hochgerechnete Haushalte (Anzahl) | B6: 812000 | C6: 346000 | D6: 28000 | E6: 356000 | F6: 249000 | G6: 107000 | H6: 82000
A7: Ausstattungsgrad der Haushalte in % 10)
A8: Fahrzeuge
A9: Personenkraftwagen | B9: 79.3 | C9: 62.2 | D9: 78.6 | E9: 94.5 | F9: 94.7 | G9: 94 | H9: 85.1
A10: darunter: Elektroauto, Plug-in-Hybrid | B10: 4.1 | C10: / | D10: / | E10: 6.1 | F10: 6.4 | G10: / | H10: /
A11: neu gekauft | B11: 26 | C11: 17.7 | D11: / | E11: 35.4 | F11: 39 | G11: 27.1 | H11: /
A12: gebraucht gekauft | B12: 56.9 | C12: 44.5 | D12: 64.1 | E12: 65 | F12: 59.6 | G12: 77.5 | H12: 71.5
A13: geleast 11) | B13: 5.4 | C13: / | D13: / | E13: 8.7 | F13: 6.8 | G13: 13 | H13: /
A14: Kraftrad (auch Mofa, Roller, E-Bike mit Führer- scheinpflicht) | B14: 10.4 | C14: / | D14: / | E14: 16.3 | F14: 14.9 | G14: 19.5 | H14: /
A15: Fahrrad | B15: 82.2 | C15: 71.6 | D15: 88.1 | E15: 90.6 | F15: 89.3 | G15: 93.6 | H15: 88.2
A16: darunter: Pedelec (E-Bike ohne Führerschein- pflicht) | B16: 16.1 | C16: 9.6 | D16: / | E16: 23.4 | F16: 26.9 | G16: 15.3 | H16: /
A17: Unterhaltungselektronik
A18: Fernseher | B18: 98.4 | C18: 97.7 | D18: 97.1 | E18: 99.8 | F18: 99.7 | G18: 100 | H18: 95.5
A19: Satelliten-TV-Anschluss | B19: 40.1 | C19: 27.4 | D19: 30.8 | E19: 50.6 | F19: 51.4 | G19: 48.7 | H19: 50.9
A20: Kabel-TV-Anschluss | B20: 49.1 | C20: 60.6 | D20: 54.2 | E20: 41.1 | F20: 42.6 | G20: 37.4 | H20: 33.8
A21: Antennen-TV-Anschluss (DVB-T2 HD) | B21: 4 | C21: / | D21: / | E21: / | F21: / | G21: / | H21: /
A22: TV über DSL/Internet (IPTV) | B22: 20.6 | C22: 18 | D22: / | E22: 23.4 | F22: 21.8 | G22: 27 | H22: /
A23: DVD- und Blu-ray-Geräte | B23: 52.8 | C23: 45.8 | D23: 55.1 | E23: 58.3 | F23: 59.5 | G23: 55.5 | H23: 57.7
A24: darunter: Blu-ray-Gerät | B24: 23.3 | C24: 15.8 | D24: / | E24: 29.9 | F24: 28.3 | G24: 33.7 | H24: 25.7
A25: Spielkonsole (auch tragbar) | B25: 32.8 | C25: 19 | D25: 71.5 | E25: 39.4 | F25: 23.6 | G25: 76.1 | H25: 48.7
A26: Informations- und Kommunikationstechnik
A27: Personalcomputer (PC) | B27: 93.6 | C27: 90.1 | D27: 92.1 | E27: 96.9 | F27: 96.1 | G27: 98.7 | H27: 94.2
A28: stationär | B28: 37.7 | C28: 27.3 | D28: / | E28: 44 | F28: 46 | G28: 39.4 | H28: 59.4
A29: mobil | B29: 88 | C29: 82.1 | D29: 92.1 | E29: 93.3 | F29: 91.7 | G29: 97.1 | H29: 88
A30: Laptop/Notebook, Netbook | B30: 76.6 | C30: 71.1 | D30: 76.6 | E30: 81.2 | F30: 79.3 | G30: 85.7 | H30: 80
A31: Tablet | B31: 58.8 | C31: 45.1 | D31: 68.5 | E31: 70.2 | F31: 65 | G31: 82.2 | H31: 64.2
A32: Internetanschluss | B32: 99.7 | C32: 99.4 | D32: 100 | E32: 99.9 | F32: 99.8 | G32: 100 | H32: 100
A33: stationär (z. B. DSL oder Kabel) | B33: 86.4 | C33: 79.6 | D33: 88 | E33: 91.5 | F33: 91.3 | G33: 91.8 | H33: 93
A34: mobil (z. B. Smartphone, Surfstick) | B34: 96.6 | C34: 95.3 | D34: 94.9 | E34: 98.1 | F34: 97.5 | G34: 99.4 | H34: 96.8
A35: Telefon | B35: 100 | C35: 100 | D35: 100 | E35: 100 | F35: 100 | G35: 100 | H35: 100
A36: Festnetztelefon (auch schnurlos) | B36: 63.5 | C36: 53.6 | D36: 45.8 | E36: 71.3 | F36: 76.1 | G36: 60.2 | H36: 77
A37: Mobiltelefon (Handy, Smartphone) | B37: 99.5 | C37: 99.3 | D37: 100 | E37: 99.5 | F37: 99.5 | G37: 99.4 | H37: 100
A38: darunter: Smartphone | B38: 94.8 | C38: 92.3 | D38: 93.9 | E38: 96.8 | F38: 95.8 | G38: 99 | H38: 96.8
A39: Haushalts- und sonstige Geräte
A40: Kühlschrank (auch als Kühl- und Gefrier- kombination) | B40: 100 | C40: 100 | D40: 100 | E40: 100 | F40: 100 | G40: 100 | H40: 100
A41: Gefrierschrank/-truhe | B41: 41.9 | C41: 32.6 | D41: 30.8 | E41: 50.7 | F41: 53.1 | G41: 45.2 | H41: 46.3
A42: Geschirrspülmaschine | B42: 70 | C42: 48.5 | D42: 70 | E42: 88.7 | F42: 87.4 | G42: 91.7 | H42: 80.1
A43: Mikrowellengerät | B43: 74.2 | C43: 65.1 | D43: 72.8 | E43: 82.5 | F43: 80.5 | G43: 87 | H43: 76.7
A44: Waschmaschine | B44: 98.7 | C44: 97.6 | D44: 100 | E44: 99.6 | F44: 99.5 | G44: 100 | H44: 98.9
A45: Wäschetrockner (auch im Kombigerät) | B45: 32.8 | C45: 17.1 | D45: 36.1 | E45: 45.5 | F45: 41.9 | G45: 53.7 | H45: 42.9
A46: Elektroherd (auch im Kombigerät) | B46: 94.5 | C46: 92.7 | D46: 94.9 | E46: 96.7 | F46: 97.2 | G46: 95.6 | H46: 92.8
A47: Heimtrainer (z. B. Ergometer, Laufband, Crosstrainer, Kraftbank) | B47: 23.3 | C47: 17.1 | D47: / | E47: 26.4 | F47: 28.7 | G47: 21.1 | H47: /

Sheet 3.2.4
A1: Link zum Inhaltsverzeichnis
A2: 3.2 Ausstattung privater Haushalte
A3: 3.2.4 Ausstattungsbestand privater Haushalte mit ausgewählten langlebigen Gebrauchsgütern im Zeitvergleich
A4: Merkmal | B4: 2013 9) | C4: 2018 9) | D4: 2023 | E4: Nachrichtlich: Deutschland | F4: Nachrichtlich: Früheres Bundes- gebiet ohne Berlin-West | G4: Nachrichtlich: Neue Länder und Berlin
A5: Erfasste Haushalte (Anzahl) | B5: 1726 | C5: 1640 | D5: 1331 | E5: 54040 | F5: 41431 | G5: 12609
A6: Hochgerechnete Haushalte (Anzahl) | B6: 846000 | C6: 816000 | D6: 812000 | E6: 40836000 | F6: 32541000 | G6: 8295000
A7: Anzahl der Gebrauchsgüter je 100 Haushalte (Ausstattungsbestand) 12)
A8: Fahrzeuge
A9: Personenkraftwagen | B9: 97.7 | C9: 102.8 | D9: 108.1 | E9: 114 | F9: 118.2 | G9: 97.9
A10: darunter: Elektroauto, Plug-in-Hybrid | B10: - | C10: - | D10: 4.7 | E10: 7.1 | F10: 7.8 | G10: 4.2
A11: neu gekauft | B11: 33.1 | C11: 31.8 | D11: 29.2 | E11: 36.5 | F11: 37.9 | G11: 31.3
A12: gebraucht gekauft | B12: 61.8 | C12: 67.4 | D12: 72.7 | E12: 68.1 | F12: 70.1 | G12: 59.9
A13: geleast 11) | B13: 2.8 | C13: 3.6 | D13: 6.3 | E13: 9.5 | F13: 10.2 | G13: 6.7
A14: Kraftrad (auch Mofa, Roller, E-Bike mit Führer- scheinpflicht) | B14: 10.1 | C14: 11 | D14: 14.1 | E14: 16.3 | F14: 17 | G14: 13.8
A15: Fahrrad | B15: 167.1 | C15: 181.9 | D15: 179.5 | E15: 183.3 | F15: 186 | G15: 172.8
A16: darunter: Pedelec (E-Bike ohne Führerschein- pflicht) | B16: - | C16: 5.6 | D16: 25 | E16: 29.9 | F16: 32.8 | G16: 18.5
A17: Unterhaltungselektronik
A18: Fernseher | B18: 170.4 | C18: 177 | D18: 172.9 | E18: 162.5 | F18: 162.2 | G18: 163.8
A19: Satelliten-TV-Anschluss | B19: - | C19: - | D19: - | E19: - | F19: - | G19: -
A20: Kabel-TV-Anschluss | B20: - | C20: - | D20: - | E20: - | F20: - | G20: -
A21: Antennen-TV-Anschluss (DVB-T2 HD) | B21: - | C21: - | D21: - | E21: - | F21: - | G21: -
A22: TV über DSL/Internet (IPTV) | B22: - | C22: - | D22: - | E22: - | F22: - | G22: -
A23: DVD- und Blu-ray-Geräte | B23: - | C23: 82 | D23: 64.3 | E23: 62.8 | F23: 62.5 | G23: 63.8
A24: darunter: Blu-ray-Gerät | B24: - | C24: 13.6 | D24: 26.7 | E24: 27.7 | F24: 27.9 | G24: 27.1
A25: Spielkonsole (auch tragbar) | B25: 34.4 | C25: 40.3 | D25: 58.7 | E25: 62.7 | F25: 64 | G25: 57.8
A26: Informations- und Kommunikationstechnik
A27: Personalcomputer (PC) | B27: 134.3 | C27: 186.2 | D27: 226.4 | E27: 257.8 | F27: 262.9 | G27: 237.5
A28: stationär | B28: 56.2 | C28: 43.5 | D28: 44.1 | E28: 52.3 | F28: 53.6 | G28: 47.1
A29: mobil | B29: 78.1 | C29: 142.7 | D29: 182.3 | E29: 205.5 | F29: 209.3 | G29: 190.3
A30: Laptop/Notebook, Netbook | B30: - | C30: 90.2 | D30: 101.9 | E30: 118.4 | F30: 119.9 | G30: 112.2
A31: Tablet | B31: - | C31: 52.5 | D31: 80.4 | E31: 87.1 | F31: 89.4 | G31: 78.1
A32: Internetanschluss | B32: - | C32: - | D32: - | E32: - | F32: - | G32: -
A33: stationär (z. B. DSL oder Kabel) | B33: - | C33: - | D33: - | E33: - | F33: - | G33: -
A34: mobil (z. B. Smartphone, Surfstick) | B34: - | C34: - | D34: - | E34: - | F34: - | G34: -
A35: Telefon | B35: 255.3 | C35: 267.3 | D35: 252.4 | E35: 279.6 | F35: 284.7 | G35: 259.6
A36: Festnetztelefon (auch schnurlos) | B36: 96.1 | C36: 91 | D36: 71 | E36: 89.1 | F36: 92.1 | G36: 77.1
A37: Mobiltelefon (Handy, Smartphone) | B37: 159.2 | C37: 176.3 | D37: 181.4 | E37: 190.5 | F37: 192.5 | G37: 182.6
A38: darunter: Smartphone | B38: - | C38: 49.3 | D38: 167.5 | E38: 176.7 | F38: 179 | G38: 167.9
A39: Haushalts- und sonstige Geräte
A40: Kühlschrank (auch als Kühl- und Gefrier- kombination) | B40: 113.3 | C40: 117.2 | D40: 117.2 | E40: 124.8 | F40: 126.5 | G40: 118.4
A41: Gefrierschrank/-truhe | B41: 55.3 | C41: 53.9 | D41: 48.5 | E41: 52.4 | F41: 54.7 | G41: 43.2
A42: Geschirrspülmaschine | B42: 61.4 | C42: 66.4 | D42: 71.5 | E42: 80 | F42: 81.5 | G42: 74.1
A43: Mikrowellengerät | B43: 76.4 | C43: 77.7 | D43: 77.1 | E43: 74.4 | F43: 74.3 | G43: 75
A44: Waschmaschine | B44: 100.7 | C44: 100.2 | D44: 102.1 | E44: 100.8 | F44: 100.7 | G44: 101.1
A45: Wäschetrockner (auch im Kombigerät) | B45: 22.8 | C45: 27.9 | D45: 33.1 | E45: 47.9 | F45: 51.9 | G45: 32.3
A46: Elektroherd (auch im Kombigerät) | B46: 94.6 | C46: 96.8 | D46: 99.1 | E46: 98.6 | F46: 99.4 | G46: 95.6
A47: Heimtrainer (z. B. Ergometer, Laufband, Crosstrainer, Kraftbank) | B47: 24.5 | C47: 26.9 | D47: 27.3 | E47: 31.5 | F47: 32.6 | G47: 27.1

Sheet 3.3.1
A1: Link zum Inhaltsverzeichnis
A2: 3.3 Gesundheitszustand und -verhalten der Bevölkerung
A3: 3.3.1 Anteil der Kranken an der Bevölkerung (bezogen auf die Bevölkerung mit Angaben zum eigenen Krankenstatus) im Zeitvergleich
A4: nach Geschlecht unter Altersgruppen
A5: Alter von … bis unter … Jahren | B5: 2005 in % | C5: 2009 in % | D5: 2013 in % | E5: 2017 in % | F5: 2021 in % | G5: Nachrichtlich: Deutschland in %
A6: Insgesamt | B6: 12.3 | C6: 12.1 | D6: 13.8 | E6: 13 | F6: 12.2 | G6: 13.5
A7: unter 15 | B7: 11 | C7: 11.7 | D7: 10.3 | E7: 9.5 | F7: x | G7: x
A8: 15 bis unter 20 | B8: 9 | C8: 8.8 | D8: 7.6 | E8: 9.3 | F8: 5.9 | G8: 7.8
A9: 20 bis unter 25 | B9: 8.4 | C9: 9.6 | D9: 14 | E9: 10.4 | F9: 12.4 | G9: 11.4
A10: 25 bis unter 30 | B10: 6.7 | C10: 11.1 | D10: 11.9 | E10: 13.6 | F10: 10.4 | G10: 12.9
A11: 30 bis unter 35 | B11: 9.7 | C11: 9.5 | D11: 11.9 | E11: 15.9 | F11: 12.7 | G11: 12.9
A12: 35 bis unter 40 | B12: 8.7 | C12: 8.3 | D12: 14.3 | E12: 10.6 | F12: 14 | G12: 12.6
A13: 40 bis unter 45 | B13: 8.6 | C13: 9.6 | D13: 13.5 | E13: 11.3 | F13: 8.7 | G13: 11.9
A14: 45 bis unter 50 | B14: 10 | C14: 11.9 | D14: 12.2 | E14: 10.7 | F14: 15.6 | G14: 12.2
A15: 50 bis unter 55 | B15: 12.1 | C15: 13.8 | D15: 15.5 | E15: 12.9 | F15: 9.8 | G15: 13.1
A16: 55 bis unter 60 | B16: 14.5 | C16: 14.4 | D16: 17.3 | E16: 17.8 | F16: 14.8 | G16: 14.3
A17: 60 bis unter 65 | B17: 12 | C17: 9 | D17: 14.1 | E17: 14.2 | F17: 13.4 | G17: 16.1
A18: 65 und mehr | B18: 21.2 | C18: 15.5 | D18: 15.5 | E18: 14.3 | F18: 12.2 | G18: 12.633333
A19: Männlich | B19: 11.2 | C19: 11.6 | D19: 13.4 | E19: 12.1 | F19: 12.5 | G19: 14.3
A20: unter 15 | B20: 9.4 | C20: 11 | D20: 9 | E20: 10.5 | F20: x | G20: x
A21: 15 bis unter 20 | B21: 7.4 | C21: 7.2 | D21: 4 | E21: 7.4 | F21: 6.7 | G21: 7.7
A22: 20 bis unter 25 | B22: 8.4 | C22: 8.5 | D22: 12.6 | E22: 9.1 | F22: 11.1 | G22: 9.5
A23: 25 bis unter 30 | B23: 6.6 | C23: 10.2 | D23: 10.2 | E23: 10.4 | F23: 12.5 | G23: 11.3
A24: 30 bis unter 35 | B24: 8.9 | C24: 7.4 | D24: 11.6 | E24: 14.2 | F24: 15.3 | G24: 12.1
A25: 35 bis unter 40 | B25: 10.3 | C25: 7.7 | D25: 14.4 | E25: 9.5 | F25: 15.1 | G25: 12
A26: 40 bis unter 45 | B26: 7.6 | C26: 8.8 | D26: 13.1 | E26: 10.3 | F26: 9.9 | G26: 11.2
A27: 45 bis unter 50 | B27: 10.2 | C27: 11.8 | D27: 10.9 | E27: 9.9 | F27: 14.5 | G27: 11.2
A28: 50 bis unter 55 | B28: 12.6 | C28: 15.7 | D28: 16.5 | E28: 11.5 | F28: 8.1 | G28: 12.3
A29: 55 bis unter 60 | B29: 14.9 | C29: 13.4 | D29: 16.4 | E29: 17.5 | F29: 14 | G29: 13.6
A30: 60 bis unter 65 | B30: 13.3 | C30: 8.7 | D30: 15.2 | E30: 11.6 | F30: 14.4 | G30: 16.5
A31: 65 und mehr | B31: 18.6 | C31: 15.7 | D31: 16.4 | E31: 14.4 | F31: 12.6 | G31: 14.3
A32: Weiblich | B32: 13.4 | C32: 12.7 | D32: 14.2 | E32: 13.9 | F32: 11.9 | G32: 14.5
A33: unter 15 | B33: 12.6 | C33: 12.4 | D33: 11.7 | E33: 8.4 | F33: x | G33: x
A34: 15 bis unter 20 | B34: 11 | C34: 10.4 | D34: 10.9 | E34: 11.1 | F34: 4.9 | G34: 8
A35: 20 bis unter 25 | B35: 8.4 | C35: 11 | D35: 15.4 | E35: 11.7 | F35: 13.9 | G35: 13.4
A36: 25 bis unter 30 | B36: 6.8 | C36: 12.1 | D36: 14.1 | E36: 17.5 | F36: 7.2 | G36: 14.7
A37: 30 bis unter 35 | B37: 10.7 | C37: 11.9 | D37: 12.3 | E37: 17.3 | F37: 9.9 | G37: 13.7
A38: 35 bis unter 40 | B38: 7.1 | C38: 9.1 | D38: 14.2 | E38: 11.9 | F38: 12.6 | G38: 13.2
A39: 40 bis unter 45 | B39: 9.6 | C39: 10.5 | D39: 14 | E39: 12.7 | F39: 7.7 | G39: 12.5
A40: 45 bis unter 50 | B40: 9.8 | C40: 12 | D40: 13.5 | E40: 11.9 | F40: 16.7 | G40: 13
A41: 50 bis unter 55 | B41: 11.6 | C41: 11.8 | D41: 14.5 | E41: 14.2 | F41: 11.7 | G41: 13.9
A42: 55 bis unter 60 | B42: 14.2 | C42: 15.5 | D42: 18.2 | E42: 18.1 | F42: 15.7 | G42: 14.9
A43: 60 bis unter 65 | B43: 10.6 | C43: 9.3 | D43: 13.2 | E43: 16.7 | F43: 12.4 | G43: 15.7
A44: 65 und mehr | B44: 22.9 | C44: 15.4 | D44: 14.9 | E44: 14.1 | F44: 11.9 | G44: 14.5

Sheet 3.3.2
A1: Link zum Inhaltsverzeichnis
A2: 3.3 Gesundheitszustand und -verhalten der Bevölkerung
A3: 3.3.2 Anteil der Raucherinnen und Raucher an der Bevölkerung (bezogen auf die Bevölkerung mit Angaben zum Rauchverhalten)
A4: im Zeitvergleich nach Geschlecht und Altersgruppen
A5: Alter von … bis unter … Jahren | B5: 2005 in % | C5: 2009 in % | D5: 2013 in % | E5: 2017 in % | F5: 2021 in % | G5: Nachrichtlich: Deutschland in %
A6: Insgesamt | B6: 33.3 | C6: 30.4 | D6: 28.2 | E6: 27.7 | F6: 23.9 | G6: 18.9
A7: 15 bis unter 20 | B7: 38.2 | C7: 31.5 | D7: 19.2 | E7: 19.1 | F7: 18.8 | G7: 8.7
A8: 20 bis unter 25 | B8: 55.5 | C8: 50.7 | D8: 40.4 | E8: 37 | F8: 27.6 | G8: 20
A9: 25 bis unter 30 | B9: 48.1 | C9: 49.2 | D9: 50.6 | E9: 40 | F9: 38 | G9: 22.9
A10: 30 bis unter 35 | B10: 49.7 | C10: 39.6 | D10: 39.1 | E10: 43.7 | F10: 36.5 | G10: 24.4
A11: 35 bis unter 40 | B11: 45.2 | C11: 43 | D11: 41.8 | E11: 41.7 | F11: 37 | G11: 25.3
A12: 40 bis unter 45 | B12: 44.1 | C12: 43 | D12: 38.3 | E12: 38 | F12: 39.9 | G12: 25.3
A13: 45 bis unter 50 | B13: 42.6 | C13: 39.6 | D13: 41.1 | E13: 39.7 | F13: 36.9 | G13: 23.2
A14: 50 bis unter 55 | B14: 33.1 | C14: 38.1 | D14: 36.5 | E14: 39.2 | F14: 33.6 | G14: 24.8
A15: 55 bis unter 60 | B15: 30.2 | C15: 28.1 | D15: 31.6 | E15: 32.2 | F15: 28.3 | G15: 23.9
A16: 60 bis unter 65 | B16: 18.3 | C16: 20.1 | D16: 21.9 | E16: 23.3 | F16: 19.7 | G16: 21.2
A17: 65 und mehr | B17: 9.7 | C17: 8.8 | D17: 8.2 | E17: 9.4 | F17: 9 | G17: 11.066667
... A41: 65 und mehr | B41: 6.2 | C41: 5.3 | D41: 5.3 | E41: 6.4 | F41: 8 | G41: 10.066667

Sheet 3.3.3
A1: Link zum Inhaltsverzeichnis
A2: 3.3 Gesundheitszustand und -verhalten der Bevölkerung
A3: 3.3.3 Body-Mass-Index (BMI) der Bevölkerung (bezogen auf die Bevölkerung mit Angaben zum Körpergewicht und der Körpergröße)
A4: im Zeitvergleich nach Geschlecht und Altersgruppen
A5: Alter von … bis unter … Jahren | B5: 2005 in kg/m² | C5: 2009 in kg/m² | D5: 2013 in kg/m² | E5: 2017 in kg/m² | F5: 2021 in kg/m² | G5: Nachrichtlich: Deutschland in kg/m²
A6: Insgesamt | B6: 26.4 | C6: 26.4 | D6: 26.7 | E6: 26.8 | F6: 26.711134 | G6: 26
A7: 18 - 20 | B7: 22.6 | C7: 22.9 | D7: 22.7 | E7: 22.9 | F7: / | G7: 23
A8: 20 - 25 | B8: 23.3 | C8: 23.8 | D8: 24 | E8: 24.4 | F8: 24.402013 | G8: 23.7
A9: 25 - 30 | B9: 24.1 | C9: 24.5 | D9: 24.5 | E9: 25.4 | F9: 25.086517 | G9: 24.7
A10: 30 - 35 | B10: 24.6 | C10: 25.2 | D10: 25.2 | E10: 25.7 | F10: 25.950286 | G10: 25.4
A11: 35 - 40 | B11: 25.6 | C11: 25.6 | D11: 25.7 | E11: 26.2 | F11: 25.975826 | G11: 25.6
A12: 40 - 45 | B12: 26.2 | C12: 26.2 | D12: 26.2 | E12: 26.8 | F12: 26.036549 | G12: 26
A13: 45 - 50 | B13: 26.9 | C13: 26.5 | D13: 26.5 | E13: 26.4 | F13: 26.186983 | G13: 26.6
A14: 50 - 55 | B14: 27.6 | C14: 27.2 | D14: 27 | E14: 27 | F14: 27.087603 | G14: 26.5
A15: 55 - 60 | B15: 28.1 | C15: 27.5 | D15: 27.7 | E15: 27.4 | F15: 27.772476 | G15: 26.7
A16: 60 - 65 | B16: 27.6 | C16: 27.6 | D16: 28.2 | E16: 27.9 | F16: 27.762213 | G16: 26.9
A17: 65 und mehr | B17: 27.6 | C17: 27.5 | D17: 27.5 | E17: 27.5 | F17: 27.245832 | G17: 26.666667
A18: Männlich | B18: 26.6 | C18: 26.8 | D18: 27.2 | E18: 27.4 | F18: 27.386099 | G18: 26.8
A19: 18 - 20 | B19: 22.7 | C19: 23.5 | D19: 22.8 | E19: 23.3 | F19: / | G19: 23.6
A20: 20 - 25 | B20: 23.6 | C20: 24.4 | D20: 24.8 | E20: 24.9 | F20: / | G20: 24.4
A21: 25 - 30 | B21: 24.7 | C21: 25.3 | D21: 25 | E21: 25.9 | F21: / | G21: 25.6
A22: 30 - 35 | B22: 25 | C22: 25.8 | D22: 26 | E22: 26.6 | F22: 26.328427 | G22: 26.3
A23: 35 - 40 | B23: 26.6 | C23: 26.1 | D23: 26.4 | E23: 26.8 | F23: 27.007893 | G23: 26.7
A24: 40 - 45 | B24: 26.9 | C24: 26.8 | D24: 26.9 | E24: 27.7 | F24: 27.390984 | G24: 27.1
A25: 45 - 50 | B25: 27.5 | C25: 27.1 | D25: 27.1 | E25: 27.5 | F25: / | G25: 27.7
A26: 50 - 55 | B26: 28 | C26: 27.8 | D26: 27.6 | E26: 27.9 | F26: 27.565835 | G26: 27.5
A27: 55 - 60 | B27: 28 | C27: 28 | D27: 28.2 | E27: 28 | F27: 28.82981 | G27: 27.6
A28: 60 - 65 | B28: 27.9 | C28: 27.9 | D28: 29 | E28: 28.6 | F28: 28.328955 | G28: 27.6
A29: 65 und mehr | B29: 27.9 | C29: 27.7 | D29: 27.7 | E29: 27.8 | F29: 27.655173 | G29: 27.2
A30: Weiblich | B30: 25.9 | C30: 25.9 | D30: 26.1 | E30: 26.1 | F30: 26.036545 | G30: 25.2
A31: 18 - 20 | B31: 22.3 | C31: 22 | D31: 22.5 | E31: 22.3 | F31: / | G31: 22.3
A32: 20 - 25 | B32: 22.7 | C32: 22.7 | D32: 22.9 | E32: 23.6 | F32: / | G32: 22.9
A33: 25 - 30 | B33: 23.2 | C33: 23.6 | D33: 23.3 | E33: 24.6 | F33: / | G33: 23.6
A34: 30 - 35 | B34: 24.1 | C34: 24.2 | D34: 24.1 | E34: 24.5 | F34: / | G34: 24.4
A35: 35 - 40 | B35: 24.4 | C35: 24.6 | D35: 24.8 | E35: 25.1 | F35: 24.75564 | G35: 24.4
A36: 40 - 45 | B36: 25.1 | C36: 25.3 | D36: 25 | E36: 25.2 | F36: 24.723165 | G36: 24.8
A37: 45 - 50 | B37: 26.1 | C37: 25.7 | D37: 25.6 | E37: 25.1 | F37: 25.103653 | G37: 25.4
A38: 50 - 55 | B38: 27 | C38: 26.5 | D38: 26.2 | E38: 25.9 | F38: 26.50021 | G38: 25.4
A39: 55 - 60 | B39: 28.1 | C39: 26.8 | D39: 27.1 | E39: 26.7 | F39: 26.524829 | G39: 25.7
A40: 60 - 65 | B40: 27.3 | C40: 27.3 | D40: 27.3 | E40: 26.9 | F40: 27.196459 | G40: 26.1
A41: 65 und mehr | B41: 27.4 | C41: 27.3 | D41: 27.3 | E41: 27.2 | F41: 26.871325 | G41: 26.166667

Sheet 3.3.4+3.3.5
A1: Link zum Inhaltsverzeichnis
A2: 3.3 Gesundheitszustand und -verhalten der Bevölkerung
A3: 3.3.4 Daten zum Gesundheitszustand sowie zum Rauchverhalten der Bevölkerung (bezogen auf die
A4: Bevölkerung mit Angaben zum Rauchverhalten und der eigenen Gesundheit) 2021 im Ländervergleich
A5: Land | B5: Anteil der Kranken an der Bevölkerung in % | C5: Anteil der Unfallverletzten an der Bevölkerung in % | D5: Anteil der Raucherinnen und Raucher an der Bevölkerung in % | E5: Durchschnitt- liches Alter des Rauchbeginns
A6: Deutschland | B6: 13.5 | C6: 1.3 | D6: 18.9 | E6: 18
A7: Baden-Württemberg | B7: 13.1 | C7: 1.2 | D7: 17.3 | E7: 18.2
A8: Bayern | B8: 12 | C8: 1.1 | D8: 17 | E8: 17.8
A9: Berlin | B9: 15.3 | C9: / | D9: 21.4 | E9: 18
A10: Brandenburg | B10: 13 | C10: / | D10: 19.2 | E10: 17.8
A11: Bremen | B11: 16.7 | C11: / | D11: 22.7 | E11: 18.7
A12: Hamburg | B12: 14.1 | C12: / | D12: 18.8 | E12: 17.7
A13: Hessen | B13: 13.6 | C13: 1.1 | D13: 19.4 | E13: 18.1
A14: Mecklenburg-Vorpommern | B14: 12.2 | C14: / | D14: 23.8 | E14: 17.8
A15: Niedersachsen | B15: 13.3 | C15: 1.8 | D15: 18.8 | E15: 18.1
A16: Nordrhein-Westfalen | B16: 15 | C16: 1.4 | D16: 18.6 | E16: 18.1
A17: Rheinland-Pfalz | B17: 13.3 | C17: (1,2) | D17: 18.9 | E17: 18.1
A18: Saarland | B18: 12.3 | C18: / | D18: 18.4 | E18: 18
A19: Sachsen | B19: 14.1 | C19: 1.5 | D19: 21 | E19: 17.5
A20: Sachsen-Anhalt | B20: 13.1 | C20: / | D20: 22.5 | E20: 17.6
A21: Schleswig-Holstein | B21: 13 | C21: / | D21: 19.3 | E21: 17.8
A22: Thüringen | B22: 13.4 | C22: / | D22: 23.4 | E22: 17.8
A25: 3.3.5 Daten zum Body-Mass-Index (BMI) der Bevölkerung (bezogen auf die Bevölkerung mit Angaben zum Körpergewicht und der
A26: Körpergröße) 2021 im Ländervergleich
A27: Land | B27: Durchschnitt- licher BMI in kg/m² | C27: Unter- gewichtige (BMI = unter 18,5) in % | D27: Normal- gewichtige (BMI = 18,5 bis unter 25) in % | E27: Über- gewichtige (BMI = 25 bis unter 30) in % | F27: Stark Übergewichtige (BMI = 30 bis unter 40) in % | G27: Stark Übergewichtige (BMI = 40 und mehr) in %
A28: Deutschland | B28: 26.02 | C28: 2 | D28: 45.3 | E28: 35.9 | F28: 15.3 | G28: 1.5
A29: Baden-Württemberg | B29: 25.69 | C29: 2.2 | D29: 47.6 | E29: 35 | F29: 14.1 | G29: 1.1
A30: Bayern | B30: 25.8 | C30: 2.1 | D30: 47.2 | E30: 35.3 | F30: 13.9 | G30: 1.4
A31: Berlin | B31: 25.33 | C31: (2,4) | D31: 51.3 | E31: 32.5 | F31: 12.7 | G31: /
A32: Brandenburg | B32: 26.48 | C32: / | D32: 41.7 | E32: 38.9 | F32: 16.9 | G32: /
A33: Bremen | B33: 26.13 | C33: / | D33: 47.3 | E33: 32.8 | F33: 15.3 | G33: /
A34: Hamburg | B34: 25.25 | C34: / | D34: 54.1 | E34: 31.5 | F34: 11.6 | G34: /
A35: Hessen | B35: 25.97 | C35: 2.3 | D35: 45.9 | E35: 35.2 | F35: 15.3 | G35: 1.3
A36: Mecklenburg-Vorpommern | B36: 26.71 | C36: / | D36: 39.8 | E36: 37.7 | F36: 19.5 | G36: /
A37: Niedersachsen | B37: 26.19 | C37: 2.1 | D37: 44.1 | E37: 35.5 | F37: 16.7 | G37: 1.7
A38: Nordrhein-Westfalen | B38: 26.15 | C38: 2.2 | D38: 44.4 | E38: 35.6 | F38: 16 | G38: 1.7
A39: Rheinland-Pfalz | B39: 26.34 | C39: 2 | D39: 42.5 | E39: 37.2 | F39: 16.3 | G39: 2
A40: Saarland | B40: 26.39 | C40: / | D40: 42 | E40: 37.5 | F40: 16.6 | G40: /
A41: Sachsen | B41: 26.19 | C41: 1.7 | D41: 43.1 | E41: 38.2 | F41: 15.9 | G41: (1,2)
A42: Sachsen-Anhalt | B42: 26.58 | C42: / | D42: 39.1 | E42: 40.6 | F42: 17.3 | G42: /
A43: Schleswig-Holstein | B43: 26.3 | C43: / | D43: 43.4 | E43: 37.7 | F43: 15.6 | G43: /
A44: Thüringen | B44: 26.61 | C44: / | D44: 39.8 | E44: 39.8 | F44: 17.5 | G44: /

Sheet 3.4.1+3.4.2
A1: Link zum Inhaltsverzeichnis
A2: 3.4 Armutsgefährdungsschwellen und -quoten
A3: 3.4.1 Armutsgefährdungsschwellen nach OECD-Skala (…) ausgewählter Haushaltskonstellationen 2025 im Ländervergleich
A4: Land | B4: Für Einpersonen- haushalte (1,0) mit weniger als … EUR je Monat | C4: Für Haushalte mit 2 Erwach- senen (1,5) mit weniger als … EUR je Monat | D4: Für Haushalte mit 2 Erwach- senen und 1 Kind im Alter von unter 14 Jahren (1,8) mit weniger als … EUR je Monat | E4: Für Haushalte mit 2 Erwachsenen und 2 Kindern im Alter von unter 14 Jahren (2,1) mit weniger als … EUR je Monat | F4: Für Haushalte von Alleinerziehenden mit 1 Kind im Alter von unter 14 Jahren (1,3) mit weniger als … EUR je Monat | G4: Für Haushalte von Alleinerziehenden mit 2 Kindern im Alter von unter 14 Jahren (1,6) mit weniger als … EUR je Monat
A5: Deutschland | B5: . | C5: . | D5: . | E5: . | F5: . | G5: .
A6: Baden-Württemberg | B6: 1427.088 | C6: 2140.632 | D6: 2568.7584 | E6: 2996.8848 | F6: 1855.2144 | G6: 2283.3408
A7: Bayern | B7: 1452.288 | C7: 2178.432 | D7: 2614.1184 | E7: 3049.8048 | F7: 1887.9744 | G7: 2323.6608
A8: Berlin | B8: 1313.982 | C8: 1970.973 | D8: 2365.1676 | E8: 2759.3622 | F8: 1708.1766 | G8: 2102.3712
A9: Brandenburg | B9: 1314.732 | C9: 1972.098 | D9: 2366.5176 | E9: 2760.9372 | F9: 1709.1516 | G9: 2103.5712
A10: Bremen | B10: 1183.866 | C10: 1775.799 | D10: 2130.9588 | E10: 2486.1186 | F10: 1539.0258 | G10: 1894.1856
A11: Hamburg | B11: 1354.188 | C11: 2031.282 | D11: 2437.5384 | E11: 2843.7948 | F11: 1760.4444 | G11: 2166.7008
A12: Hessen | B12: 1376.04 | C12: 2064.06 | D12: 2476.872 | E12: 2889.684 | F12: 1788.852 | G12: 2201.664
A13: Mecklenburg-Vorpommern | B13: 1257.486 | C13: 1886.229 | D13: 2263.4748 | E13: 2640.7206 | F13: 1634.7318 | G13: 2011.9776
A14: Niedersachsen | B14: 1327.164 | C14: 1990.746 | D14: 2388.8952 | E14: 2787.0444 | F14: 1725.3132 | G14: 2123.4624
A15: Nordrhein-Westfalen | B15: 1317.462 | C15: 1976.193 | D15: 2371.4316 | E15: 2766.6702 | F15: 1712.7006 | G15: 2107.9392
A16: Rheinland-Pfalz | B16: 1351.578 | C16: 2027.367 | D16: 2432.8404 | E16: 2838.3138 | F16: 1757.0514 | G16: 2162.5248
A17: Saarland | B17: 1274.088 | C17: 1911.132 | D17: 2293.3584 | E17: 2675.5848 | F17: 1656.3144 | G17: 2038.5408
... A21: Thüringen | B21: 1239.918 | C21: 1859.877 | D21: 2231.8524 | E21: 2603.8278 | F21: 1611.8934 | G21: 1983.8688
A24: 3.4.2 Armutsgefährdungsquote 2024 und 2025 im Ländervergleich | E24: Grafik 3.9 | I24: Daten der Grafik 3.9 "Armutsgefährdungsquote 2025 im Ländervergleich"
A25: Land | B25: National- konzept (gemessen am Bundes- median) 2025 in % | C25: National- konzept (gemessen am Bundes- median) 2024 in % | I25: Bundesland | J25: Quote in %
A26: Deutschland | B26: 16.3 | C26: 16.4 | I26: Baden-Württemberg (BW) | J26: =B27 -> 13.2
A27: Baden-Württemberg | B27: 13.2 | C27: 13 | I27: Bayern (BY) | J27: =B28 -> 12.1
A28: Bayern | B28: 12.1 | C28: 12.6 | I28: Berlin (BE) | J28: =B29 -> 19.7
A29: Berlin | B29: 19.7 | C29: 20.1 | I29: Brandenburg (BB) | J29: =B30 -> 14.8
A30: Brandenburg | B30: 14.8 | C30: 14.5 | I30: Bremen (HB) | J30: =B31 -> 26.9
A31: Bremen | B31: 26.9 | C31: 26.1 | I31: Hamburg (HH) | J31: =B32 -> 19.8
A32: Hamburg | B32: 19.8 | C32: 18.9 | I32: Hessen (HE) | J32: =B33 -> 16.3
A33: Hessen | B33: 16.3 | C33: 16.7 | I33: Mecklenburg-Vorpommern (MV) | J33: =B34 -> 16.5
A34: Mecklenburg-Vorpommern | B34: 16.5 | C34: 17.1 | I34: Niedersachsen (NI) | J34: =B35 -> 17.4
A35: Niedersachsen | B35: 17.4 | C35: 17.6 | I35: Nordrhein-Westfalen (NW) | J35: =B36 -> 18.8
A36: Nordrhein-Westfalen | B36: 18.8 | C36: 18.6 | I36: Rheinland-Pfalz (RP) | J36: =B37 -> 16.2
A37: Rheinland-Pfalz | B37: 16.2 | C37: 17.3 | I37: Saarland (SL) | J37: =B38 -> 19
... A41: Schleswig-Holstein | B41: 16.9 | C41: 17.2 | I41: Thüringen (TH) | J41: =B42 -> 17.2
A42: Thüringen | B42: 17.2 | C42: 16.8 | I42: Deutschland | J42: =B26 -> 16.3

Sheet 3.5.1
A1: Link zum Inhaltsverzeichnis
A2: 3.5 Wohnsituation privater Haushalte 13)
A3: 3.5.1 Wohnsituation privater Haushalte 2022
A4: Merkmal | B4: Einheit | C4: Mecklenburg- Vorpommern | D4: Nachrichtlich: Deutschland
A5: Hochgerechnete Haushalte | B5: Anzahl | C5: 804000 | D5: 38992000
A6: darunter
A7: in Einfamilienhäusern | B7: % | C7: 40.6 | D7: 37.9
A8: in Mehrfamilienhäusern | B8: % | C8: 59.1 | D8: 61.6
A9: Wohn- und Schlafräume je Haushalt | B9: Anzahl | C9: 3.3 | D9: 3.5
A10: darunter
A11: in Einfamilienhäusern | B11: Anzahl | C11: 4.2 | D11: 4.7
A12: in Mehrfamilienhäusern | B12: Anzahl | C12: 2.6 | D12: 2.9
A13: Wohnfläche je Haushalt | B13: m² | C13: 85.1 | D13: 96
A14: darunter
A15: in Einfamilienhäusern | B15: m² | C15: 118.6 | D15: 129.4
A16: in Mehrfamilienhäusern | B16: m² | C16: 62.1 | D16: 75.3
A17: Mieterhaushalte | B17: % | C17: 62.1 | D17: 58.1
A18: Haushalte zur Miete/mietfrei | B18: Anzahl | C18: 499000 | D18: 22648000
A19: darunter
A20: in Einfamilienhäusern | B20: % | C20: 10.7 | D20: 14.3
A21: in Mehrfamilienhäusern | B21: % | C21: 89 | D21: 85.2
A22: Wohn- und Schlafräume je Haushalt | B22: Anzahl | C22: 2.7 | D22: 2.9
A23: darunter
A24: in Einfamilienhäusern | B24: Anzahl | C24: 3.6 | D24: 3.9
A25: in Mehrfamilienhäusern | B25: Anzahl | C25: 2.6 | D25: 2.7
A26: Wohnfläche je Haushalt | B26: m² | C26: 63.9 | D26: 74.4
A27: darunter
A28: in Einfamilienhäusern | B28: m² | C28: 97.7 | D28: 104.8
A29: in Mehrfamilienhäusern | B29: m² | C29: 59.8 | D29: 69.2
A30: Eigentümerhaushalte | B30: % | C30: 38.1 | D30: 41.9
A31: Haushalte in Wohneigentum | B31: Anzahl | C31: 306000 | D31: 16341000
A32: darunter
A33: in Einfamilienhäusern | B33: % | C33: 89.3 | D33: 70.7
A34: in Mehrfamilienhäusern | B34: % | C34: 10.3 | D34: 28.8
A35: Wohn- und Schlafräume je Haushalt | B35: Anzahl | C35: 4.2 | D35: 4.5
A36: darunter
A37: in Einfamilienhäusern | B37: Anzahl | C37: 4.3 | D37: 4.9
A38: in Mehrfamilienhäusern | B38: Anzahl | C38: 3.4 | D38: 3.6
A39: Wohnfläche je Haushalt | B39: m² | C39: 119.7 | D39: 125.8
A40: darunter
A41: in Einfamilienhäusern | B41: m² | C41: 122.7 | D41: 136.3
A42: in Mehrfamilienhäusern | B42: m² | C42: 94.6 | D42: 100

Sheet 3.5.2
A1: Link zum Inhaltsverzeichnis
A2: 3.5 Wohnsituation privater Haushalte 13)
A3: 3.5.2 Wohnsituation privater Haushalte am 2022 nach Haushaltsgröße
A4: Merkmal | B4: Einheit | C4: Haushalte insgesamt | D4: Mit 1 Person | E4: Mit 2 Personen | F4: Mit 3 Personen | G4: Mit 4 und mehr Personen
A5: Hochgerechnete Haushalte | B5: Anzahl | C5: 804000 | D5: 337000 | E5: 302000 | F5: 89000 | G5: 77000
A6: darunter
A7: in Einfamilienhäusern | B7: % | C7: 40.6 | D7: 21.4 | E7: 50.8 | F7: 54.5 | G7: 68.2
A8: in Mehrfamilienhäusern | B8: % | C8: 59.1 | D8: 78 | E8: 49 | F8: 45.2 | G8: 31.7
A9: Wohn- und Schlafräume je Haushalt | B9: Anzahl | C9: 3.3 | D9: 2.5 | E9: 3.5 | F9: 4 | G9: 4.7
A10: darunter
A11: in Einfamilienhäusern | B11: Anzahl | C11: 4.2 | D11: 3.7 | E11: 4.1 | F11: 4.5 | G11: 5
A12: in Mehrfamilienhäusern | B12: Anzahl | C12: 2.6 | D12: 2.2 | E12: 2.9 | F12: 3.3 | G12: 3.9
A13: Wohnfläche je Haushalt | B13: m² | C13: 85.1 | D13: 63 | E13: 93.4 | F13: 106.9 | G13: 124.3
A14: darunter
A15: in Einfamilienhäusern | B15: m² | C15: 118.6 | D15: 99.3 | E15: 116.4 | F15: 130 | G15: 140.8
A16: in Mehrfamilienhäusern | B16: m² | C16: 62.1 | D16: 53 | E16: 69.4 | F16: 78.7 | G16: 88.9
A17: Mieterhaushalte | B17: % | C17: 62.1 | D17: 81.6 | E17: 50 | F17: 48.3 | G17: 39
A18: Haushalte zur Miete/mietfrei | B18: Anzahl | C18: 499000 | D18: 275000 | E18: 151000 | F18: 43000 | G18: 30000
A19: darunter
A20: in Einfamilienhäusern | B20: % | C20: 10.7 | D20: 7.5 | E20: 12.2 | F20: / | G20: /
A21: in Mehrfamilienhäusern | B21: % | C21: 89 | D21: 92.103094 | E21: 87.631941 | F21: 84.251129 | G21: 73.819844
A22: Wohn- und Schlafräume je Haushalt | B22: Anzahl | C22: 2.7 | D22: 2.3 | E22: 3 | F22: 3.4 | G22: 4
A23: darunter
A24: in Einfamilienhäusern | B24: Anzahl | C24: 3.6 | D24: 3.1 | E24: 3.6 | F24: / | G24: /
A25: in Mehrfamilienhäusern | B25: Anzahl | C25: 2.6 | D25: 2.2 | E25: 2.9 | F25: 3.3 | G25: 3.8
A26: Wohnfläche je Haushalt | B26: m² | C26: 63.9 | D26: 54.2 | E26: 70.6 | F26: 82.2 | G26: 93.4
A27: darunter
A28: in Einfamilienhäusern | B28: m² | C28: 97.7 | D28: 80.5 | E28: 100.4 | F28: / | G28: /
A29: in Mehrfamilienhäusern | B29: m² | C29: 59.8 | D29: 52 | E29: 66.4 | F29: 75.5 | G29: 84.4
A30: Eigentümerhaushalte | B30: % | C30: 38.1 | D30: 18.4 | E30: 50 | F30: 50.6 | G30: 61
A31: Haushalte in Wohneigentum | B31: Anzahl | C31: 306000 | D31: 62000 | E31: 151000 | F31: 45000 | G31: 47000
A32: darunter
A33: in Einfamilienhäusern | B33: % | C33: 89.3 | D33: 83.829525 | E33: 89.145126 | F33: 91.490813 | G33: 94.647007
A34: in Mehrfamilienhäusern | B34: % | C34: 10.3 | D34: 15.163475 | E34: 10.573461 | F34: / | G34: /
A35: Wohn- und Schlafräume je Haushalt | B35: Anzahl | C35: 4.2 | D35: 3.7 | E35: 4.1 | F35: 4.5 | G35: 5.1
A36: darunter
A37: in Einfamilienhäusern | B37: Anzahl | C37: 4.3 | D37: 3.9 | E37: 4.2 | F37: 4.6 | G37: 5.1
A38: in Mehrfamilienhäusern | B38: Anzahl | C38: 3.4 | D38: 2.8 | E38: 3.4 | F38: / | G38: /
A39: Wohnfläche je Haushalt | B39: m² | C39: 119.7 | D39: 102.5 | E39: 116.1 | F39: 130.4 | G39: 143.6
A40: darunter
A41: in Einfamilienhäusern | B41: m² | C41: 122.7 | D41: 106.9 | E41: 118.6 | F41: 131.8 | G41: 144.5
A42: in Mehrfamilienhäusern | B42: m² | C42: 94.6 | D42: 80.2 | E42: 94.1 | F42: / | G42: /

Sheet 3.5.3
A1: Link zum Inhaltsverzeichnis
A2: 3.5 Wohnsituation privater Haushalte 13)
A3: 3.5.3 Wohnsituation privater Haushalte 2022 nach Lebensform
A4: Merkmal | B4: Einheit | C4: Insgesamt | D4: Allein- lebende | E4: Alleinerzie- hende 6) | F4: Paare insgesamt | G4: Paare ohne Kinder | H4: Paare mit Kindern 6) | I4: Sonstige Haus- halte 8)
A5: Hochgerechnete Haushalte | B5: Anzahl | C5: 804000 | D5: 337000 | E5: 55000 | F5: 401000 | G5: 260000 | H5: 141000 | I5: 12000
A6: darunter
A7: in Einfamilienhäusern | B7: % | C7: 40.6 | D7: 22 | E7: 34.4 | F7: 57.7 | G7: 54.8 | H7: 63 | I7: /
A8: in Mehrfamilienhäusern | B8: % | C8: 59.1 | D8: 78 | E8: 65.6 | F8: 42.1 | G8: 45 | H8: 36.7 | I8: /
A9: Wohn- und Schlafräume je Haushalt | B9: Anzahl | C9: 3.3 | D9: 2.5 | E9: 3.7 | F9: 3.8 | G9: 3.6 | H9: 4.3 | I9: 3.4
A10: darunter
A11: in Einfamilienhäusern | B11: Anzahl | C11: 4.2 | D11: 3.7 | E11: 4.6 | F11: 4.3 | G11: 4.1 | H11: 4.7 | I11: /
A12: in Mehrfamilienhäusern | B12: Anzahl | C12: 2.6 | D12: 2.2 | E12: 3.2 | F12: 3.1 | G12: 2.9 | H12: 3.5 | I12: /
A13: Wohnfläche je Haushalt | B13: m² | C13: 85.1 | D13: 63 | E13: 87.3 | F13: 103.3 | G13: 96.2 | H13: 116.4 | I13: 86.3
A14: darunter
A15: in Einfamilienhäusern | B15: m² | C15: 118.6 | D15: 99.3 | E15: 120.5 | F15: 124.3 | G15: 117.4 | H15: 135.3 | I15: /
A16: in Mehrfamilienhäusern | B16: m² | C16: 62.1 | D16: 53 | E16: 70 | F16: 74.1 | G16: 70.3 | H16: 83.8 | I16: /
A17: Mieterhaushalte | B17: % | C17: 62.1 | D17: 81.6 | E17: 69.1 | F17: 44.1 | G17: 45.8 | H17: 41.1 | I17: /
A18: Haushalte zur Miete/mietfrei | B18: Anzahl | C18: 499000 | D18: 275000 | E18: 38000 | F18: 177000 | G18: 119000 | H18: 58000 | I18: /
A19: darunter
A20: in Einfamilienhäusern | B20: % | C20: 10.7 | D20: 7.5 | E20: / | F20: 15.7 | G20: 13.1 | H20: 21 | I20: /
A21: in Mehrfamilienhäusern | B21: % | C21: 89 | D21: 92.1 | E21: 89.6 | F21: 84 | G21: 86.7 | H21: 78.6 | I21: /
A22: Wohn- und Schlafräume je Haushalt | B22: Anzahl | C22: 2.7 | D22: 2.3 | E22: 3.2 | F22: 3.2 | G22: 3 | H22: 3.6 | I22: /
A23: darunter
A24: in Einfamilienhäusern | B24: Anzahl | C24: 3.6 | D24: 3.1 | E24: / | F24: 3.9 | G24: 4.4 | H24: 3.6 | I24: /
A25: in Mehrfamilienhäusern | B25: Anzahl | C25: 2.6 | D25: 2.2 | E25: 3.2 | F25: 3.1 | G25: 2.9 | H25: 3.5 | I25: /
A26: Wohnfläche je Haushalt | B26: m² | C26: 63.9 | D26: 54.2 | E26: 72.4 | F26: 76.9 | G26: 71.8 | H26: 87.2 | I26: /
A27: darunter
A28: in Einfamilienhäusern | B28: m² | C28: 97.7 | D28: 80.5 | E28: / | F28: 109.3 | G28: 116.5 | H28: 103.5 | I28: /
A29: in Mehrfamilienhäusern | B29: m² | C29: 59.8 | D29: 52 | E29: 68.8 | F29: 70.8 | G29: 67 | H29: 79.4 | I29: /
A30: Eigentümerhaushalte | B30: % | C30: 38.1 | D30: 18.4 | E30: 30.9 | F30: 55.9 | G30: 54.2 | H30: 58.2 | I30: /
A31: Haushalte in Wohneigentum | B31: Anzahl | C31: 306000 | D31: 62000 | E31: 17000 | F31: 224000 | G31: 141000 | H31: 82000 | I31: /
A32: darunter
A33: in Einfamilienhäusern | B33: % | C33: 89.3 | D33: 83.8 | E33: 88.5 | F33: 90.9 | G33: 89.9 | H33: 92.8 | I33: /
A34: in Mehrfamilienhäusern | B34: % | C34: 10.3 | D34: 15.2 | E34: / | F34: 8.8 | G34: 9.8 | H34: / | I34: /
A35: Wohn- und Schlafräume je Haushalt | B35: Anzahl | C35: 4.2 | D35: 3.7 | E35: 4.7 | F35: 4.3 | G35: 4.1 | H35: 4.7 | I35: /
A36: darunter
A37: in Einfamilienhäusern | B37: Anzahl | C37: 4.3 | D37: 3.9 | E37: 4.8 | F37: 4.4 | G37: 4.2 | H37: 4.8 | I37: /
A38: in Mehrfamilienhäusern | B38: Anzahl | C38: 3.4 | D38: 2.8 | E38: / | F38: 3.6 | G38: 3.4 | H38: / | I38: /
A39: Wohnfläche je Haushalt | B39: m² | C39: 119.7 | D39: 102.5 | E39: 121 | F39: 124.3 | G39: 116.8 | H39: 137.1 | I39: /
A40: darunter
A41: in Einfamilienhäusern | B41: m² | C41: 122.7 | D41: 106.9 | E41: 124.9 | F41: 126.4 | G41: 119.1 | H41: 138.4 | I41: /
A42: in Mehrfamilienhäusern | B42: m² | C42: 94.6 | D42: 80.2 | E42: / | F42: 102.1 | G42: 95 | H42: / | I42: /

Sheet 3.5.4
A1: Link zum Inhaltsverzeichnis
A2: 3.5 Wohnsituation privater Haushalte 13)
A3: 3.5.4 Wohnsituation privater Haushalte 2022 nach monatlichem Haushaltsnettoeinkommen
A4: Merkmal | B4: Einheit | C4: Haushalte insgesamt | D4: Mit einem Einkom- men unter 1.500 EUR | E4: Mit einem Einkom- men von 1.500 bis unter 2.000 EUR | F4: Mit einem Einkom- men von 2.000 bis unter 3.000 EUR | G4: Mit einem Einkom- men von 3.000 bis unter 4.000 EUR | H4: Mit einem Einkom- men von 4.000 EUR und mehr
A5: Hochgerechnete Haushalte | B5: Anzahl | C5: 804000 | D5: 199000 | E5: 132000 | F5: 203000 | G5: 127000 | H5: 143000
A6: darunter
A7: in Einfamilienhäusern | B7: % | C7: 40.6 | D7: 18 | E7: 27.5 | F7: 39.7 | G7: 54.7 | H7: 72.7
A8: in Mehrfamilienhäusern | B8: % | C8: 59.1 | D8: 81.7 | E8: 72.2 | F8: 59.9 | G8: 44.9 | H8: 27
A9: Wohn- und Schlafräume je Haushalt | B9: Anzahl | C9: 3.3 | D9: 2.4 | E9: 2.8 | F9: 3.3 | G9: 3.8 | H9: 4.3
A10: darunter
A11: in Einfamilienhäusern | B11: Anzahl | C11: 4.2 | D11: 3.6 | E11: 3.7 | F11: 4 | G11: 4.3 | H11: 4.7
A12: in Mehrfamilienhäusern | B12: Anzahl | C12: 2.6 | D12: 2.2 | E12: 2.5 | F12: 2.8 | G12: 3.1 | H12: 3.4
A13: Wohnfläche je Haushalt | B13: m² | C13: 85.1 | D13: 58.7 | E13: 71 | F13: 82.9 | G13: 99.3 | H13: 125.5
A14: darunter
A15: in Einfamilienhäusern | B15: m² | C15: 118.6 | D15: 93.5 | E15: 103.8 | F15: 109.5 | G15: 118.8 | H15: 139.2
A16: in Mehrfamilienhäusern | B16: m² | C16: 62.1 | D16: 51 | E16: 58.4 | F16: 65.2 | G16: 75.8 | H16: 88.2
A17: Mieterhaushalte | B17: % | C17: 62.1 | D17: 85.9 | E17: 76.5 | F17: 62.1 | G17: 47.2 | H17: 28.7
A18: Haushalte zur Miete/mietfrei | B18: Anzahl | C18: 499000 | D18: 171000 | E18: 101000 | F18: 126000 | G18: 60000 | H18: 41000
A19: darunter
A20: in Einfamilienhäusern | B20: % | C20: 10.7 | D20: 6.9 | E20: 9 | F20: 9.9 | G20: 17 | H20: 24.3
A21: in Mehrfamilienhäusern | B21: % | C21: 89 | D21: 92.9 | E21: 90.8 | F21: 89.7 | G21: 82.4 | H21: 75.4
A22: Wohn- und Schlafräume je Haushalt | B22: Anzahl | C22: 2.7 | D22: 2.2 | E22: 2.5 | F22: 2.9 | G22: 3.2 | H22: 3.6
A23: darunter
A24: in Einfamilienhäusern | B24: Anzahl | C24: 3.6 | D24: 2.9 | E24: 3.1 | F24: 3.7 | G24: 3.9 | H24: 4.6
A25: in Mehrfamilienhäusern | B25: Anzahl | C25: 2.6 | D25: 2.1 | E25: 2.5 | F25: 2.8 | G25: 3.1 | H25: 3.2
A26: Wohnfläche je Haushalt | B26: m² | C26: 63.9 | D26: 51.8 | E26: 60.1 | F26: 67.1 | G26: 78.4 | H26: 93.2
A27: darunter
A28: in Einfamilienhäusern | B28: m² | C28: 97.7 | D28: 73.1 | E28: 86.2 | F28: 96 | G28: 107.7 | H28: 129
A29: in Mehrfamilienhäusern | B29: m² | C29: 59.8 | D29: 20.2 | E29: 57.4 | F29: 63.9 | G29: 72.4 | H29: 81.6
A30: Eigentümerhaushalte | B30: % | C30: 38.1 | D30: 14.1 | E30: 23.5 | F30: 37.9 | G30: 52.8 | H30: 71.3
A31: Haushalte in Wohneigentum | B31: Anzahl | C31: 306000 | D31: 28000 | E31: 31000 | F31: 77000 | G31: 67000 | H31: 102000
A32: darunter
A33: in Einfamilienhäusern | B33: % | C33: 89.3 | D33: 86.7 | E33: 87.3 | F33: 88.3 | G33: 88.4 | H33: 91.9
A34: in Mehrfamilienhäusern | B34: % | C34: 10.3 | D34: 12.2 | E34: 12.4 | F34: 11.3 | G34: 11.4 | H34: 7.7
A35: Wohn- und Schlafräume je Haushalt | B35: Anzahl | C35: 4.2 | D35: 3.8 | E35: 3.8 | F35: 4 | G35: 4.3 | H35: 4.6
A36: darunter
A37: in Einfamilienhäusern | B37: Anzahl | C37: 4.3 | D37: 3.9 | E37: 3.9 | F37: 4.1 | G37: 4.4 | H37: 4.7
A38: in Mehrfamilienhäusern | B38: Anzahl | C38: 3.4 | D38: / | E38: / | F38: 3.2 | G38: 3.6 | H38: 3.9
A39: Wohnfläche je Haushalt | B39: m² | C39: 119.7 | D39: 101.2 | E39: 106 | F39: 108.7 | G39: 118.1 | H39: 138.3
A40: darunter
A41: in Einfamilienhäusern | B41: m²
A42: in Mehrfamilienhäusern | B42: m² | C42: 94.6 | D42: / | E42: / | F42: 83.1 | G42: 97.8 | H42: 113.6

Sheet Fußnotenerläuterungen
A1: Link zum Inhaltsverzeichnis
A2: Fußnotenerläuterungen
A3: 1) | B3: Z. B.: Renten der gesetzlichen Rentenversicherung, Pensionen, ALG I, Bürgergeld, Kurzarbeitergeld, Kinder-, Eltern-, Beihilfen im öffentlichen Dienst
A4: 2) | B4: Z. B.: Werks- und Betriebsrenten, Leistungen aus privaten Versicherungen, Unterstützung von privaten Haushalten
A5: 3) | B5: Einschließlich Überziehungszinsen.
A6: 4) | B6: Sonstige Steuern, freiwillige Beiträge zur gesetzlichen Rentenversicherung, Versicherungsbeiträge, sonstige Übertragungen und Ausgaben, Zinsen für Kredite sowie statistische Differenz.
A7: 5) | B7: Ersparnis in Prozent der ausgabefähigen Einkommen und Einnahmen.
A8: 6) | B8: Mit Kind/Kindern unter 18 Jahren.
A9: 7) | B9: Kind(er) unter 18 Jahren der Haupteinkommenspersonen oder der Ehe- beziehungsweise Lebenspartner und -partnerinnen.
A10: 8) | B10: Unter anderem Haushalte mit Kind(ern) über 18 Jahren, Mehrgenerationenhaushalte, Wohngemeinschaften.
A11: 9) | B11: Am 1. Januar des jeweiligen Jahres.
A12: 10) | B12: Anteil der Haushalte, in denen entsprechende langlebige Gebrauchsgüter (unabhängig von ihrer Anzahl) vorhanden sind, bezogen auf die hochgerechneten Haushalte der jeweiligen Spalte.
A13: 11) | B13: Einschließlich Firmenwagen, die auch privat genutzt werden dürfen; keine Ratenkäufe.
A14: 12) | B14: Statistisches Maß dafür, wie viele Güter in 100 Haushalten vorhanden sind; Ermittlung des Ausstattungsbestands über die Anzahl der in den Haushalten jeweils vorhandenen Gebrauchsgüter, bezogen auf die Zahl der hochgerechneten Haushalte der jeweiligen Spalte, multipliziert mit 100.
A15: 13) | B15: Ergebnisse des Mikrozensus - Vierjährliches Zusatzprogramm Wohnen - Hauptwohnsitzhaushalte.

Sheet Methodik
A1: Link zum Inhaltsverzeichnis
A2: Methodik
A3: Die Angaben zu Einnahmen, Ausgaben und Konsum und zur Ausstattung privater Haushalte basieren auf Ergebnissen der Einkommens- und Verbrauchsstichproben (EVS). Grundlage dieser Erhebungen ist das Gesetz über die Statistiken der Wirtschaftsrechnungen privater Haushalte.
A4: Im Rahmen der EVS werden alle fünf Jahre bundesweit private Haushalte zu ihren Einnahmen und Ausgaben, zur Vermögensbildung und zur Ausstattung mit ausgewählten langlebigen Gebrauchsgütern befragt. Die hier veröffentlichten Daten basieren auf dem Jahr 2023.
A5: In die Stichprobenerhebung wird höchstens 0,3 Prozent aller Haushalte einbezogen. In Mecklenburg-Vorpommern nahmen im Jahr 2023 insgesamt 1.331 Privathaushalte an der Erhebung teil.
A6: Die Haushalte beteiligen sich auf freiwilliger Basis an der Erhebung. Zur Sicherung der Repräsentativität der Ergebnisse werden die Haus- halte auf Basis eines Quotenplanes angeworben. Der Quotenplan leitet sich aus den haushaltsstrukturellen Ergebnissen des Mikrozensus ab. Die EVS untergliedern sich in vier selbstständige Erhebungsteile:
A7: - Im Personenfragebogen notierte jedes Haushaltsmitglied ab 16 Jahren Angaben zur eigenen Person, zur beruflichen Tätigkeit (jeweils zu Beginn des Anschreibequartals) sowie zu den eigenen Einkommen. - Den Haushaltsfragebogen füllte ein erwachsenes Haushaltsmitglied für den gesamten Haushalt aus. Darin notierte es die Beziehung der einzelnen Haushaltsmitglieder zueinander, deren überwiegende Lebenssituation sowie deren Nettoeinkommen nach Einkommensklassen. Ebenso wurden hier die Angaben zur Wohnsituation, die Ausgaben für Wohnen und Energie, die Ausstattung mit Gebrauchsgütern und Versicherungen sowie die haushaltsbezogenen Einnahmen, Sacheinnahmen, Vermögensentnahmen und Kredite notiert. Die meisten dieser Angaben bezogen sich auf den Beginn des Anschreibequartals. - Im Erhebungsteil Geld- und Sachvermögen vermerkten die Haushalte neben den Angaben zum Immobilien- und Geldvermögen und zu bestehenden Schulden auch Angaben zu Versicherungen, Erbschaften, Schenkungen und Lotteriegewinnen sowie zum Einkommen von Selbstständigen und Landwirten. Auch hier bezogen sich die meisten dieser Angaben auf den Beginn des Anschreibequartals. - Die Täglichen Ausgaben gab jede Person ab 16 Jahren über einen Zeitraum von drei Monaten in freier Anschreibung an. - Die Feinaufzeichnung zu Nahrungsmitteln, Getränken und Tabakwaren wurde in gleicher Weise für den gesamten Haushalt über einen Zeitraum von 14 Tagen notiert.
A8: In der Ausgabenposition Nahrungsmittel, Getränke und Tabakwaren kommt es zu Abweichungen zwischen den hochgerechneten Ergeb- nissen der Anschreibung im Haushaltsbuch und im Feinaufzeichnungsheft. Diese Abweichungen sind zum einen auf die unterschiedlichen Anschreibezeiträume zurückzuführen und ergeben sich zum anderen aus der Tatsache, dass nur ein Fünftel der teilnehmenden Haushalte ein Feinaufzeichnungsheft führen.
A9: Zur Berechnung von Indikatoren der Armutsgefährdung wird der Mikrozensus herangezogen. Der Mikrozensus ist die größte Haushalts- befragung der amtlichen Statistik in Deutschland, mit der seit 1957 wichtige Daten über die wirtschaftliche und soziale Situation der Bevöl- kerung ermittelt werden. Die Erhebung wird bei einem Prozent der Bevölkerung, die per Zufallsstichprobe ausgewählt wird, durchgeführt. Dazu werden in Mecklenburg-Vorpommern etwa 10.600 Befragungen im Jahr durchgeführt. In die Erhebung sind seit 2020 für einen Teil der zu befragenden Haushalte Fragen der EU-weiten Statistik zur Arbeitsmarktbeteiligung, Fragen zu Einkommen und Lebensbedingungen und Fragen zur Nutzung von Informations- und Kommunikationstechnologien integriert. Zudem werden seit dem Berichtsjahr 2020 die Daten nur noch für Hauptwohnsitzhaushalte ausgewiesen und nicht länger für alle Privathaushalte. Die Vergleichbarkeit der Daten ab 2020 zu den Angaben der Vorjahre ist aufgrund dieser Änderungen eingeschränkt.
A10: In diesem Kapitel sind die berechneten Armutsgefährdungsschwellen ausgewählter Haushaltskonstellationen sowie die Armutsgefähr- dungsquoten zur Messung der relativen Einkommensarmut im Ländervergleich dargestellt. Dabei basieren die Ergebnisse der Armuts- gefährdungsschwellen auf den Erstergebnissen des Kernprogramms des Mikrozensus. Die Armutsquoten beziehen sich demgegenüber auf die Ergebnisse der Mikrozensus-Unterstichprobe EU-SILC (European Union Statistics on Income and Living Conditions – Erhebung über Einkommen und Lebensbedingungen). Dementsprechend unterscheidet sich die Grund- gesamtheit bzw. der Faktor der Hochrechnung zwischen den beiden Datenquellen. Aufgrund der kleineren Stichprobe wird bei der Unter- stichprobe EU-SILC mit einem größeren Hochrechnungsfaktor gearbeitet.

Sheet Glossar
A1: Link zum Inhaltsverzeichnis
A2: Glossar
A3: Das Äquivalenzeinkommen ist ein Wert, der sich aus dem Gesamteinkommen eines Haushalts und der Anzahl und dem Alter der von die- sem Einkommen lebenden Personen ergibt. Das Äquivalenzeinkommen wird vor allem für die Berechnung von Einkommensverteilung, Ein- kommensungleichheit und Armut verwendet. Mithilfe einer Äquivalenzskala werden die Einkommen nach Haushaltsgröße und Zusammen- setzung gewichtet. Grund dafür ist, dass die Einkommen von Personen, die in unterschiedlich großen Haushalten leben, nicht miteinander vergleichbar sind, da in größeren Haushalten Einspareffekte (Economies of Scale) auftreten (zum Beispiel durch gemeinsame Nutzung von Wohnraum oder Haushaltsgeräten).
A4: Armutsgefährdung: Als armutsgefährdet gelten gemäß Definition der Europäischen Union (EU) Menschen, die mit weniger als 60 Prozent des mittleren Einkommens (Median) der zum Vergleich herangezogenen Bevölkerung auskommen müssen. Es kommt somit wesentlich auf das Maß, das durchschnittliche Einkommen der Vergleichsbevölkerung, an.
A5: Die Armutsgefährdungsquote ist ein Indikator zur Messung relativer Einkommensarmut und wird – entsprechend dem EU-Standard – definiert als der Anteil der Personen, deren Äquivalenzeinkommen weniger als 60 Prozent des Medians der Äquivalenzeinkommen der Be- völkerung (in Privathaushalten) beträgt. Das Äquivalenzeinkommen ist ein auf der Basis des Haushaltsnettoeinkommens berechnetes be- darfsgewichtetes Pro-Kopf-Einkommen je Haushaltsmitglied.
A6: Für die Ausweisung von Armutsgefährdungsschwellen wird i. d. R. als Grenzwert 60 Prozent des Medians der berechneten Äquivalenz- einkommen der Bevölkerung in Privathaushalten am Ort der Hauptwohnung herangezogen. Der so für Einpersonenhaushalte berechnete Schwellenwert (hier in EUR) bildet die Grundlage zur Berechnung der Armutsschwellenwerte für alle weiteren Haushaltskonstellationen, indem eine Multiplikation mit dem Bedarfsgewicht des jeweiligen Haushalts nach der OECD-Skala erfolgt. Der Haupteinkommensbezieher erhält den Faktor 1,0, alle anderen Haushaltsmitglieder im Alter von 14 und mehr Jahren den Faktor 0,5 und die unter 14-jährigen Haus- haltsmitglieder gehen mit 0,3 ein.
A7: Um die Haushalte in der Statistik abgrenzen zu können, wird eine Bezugsperson im Haushalt benötigt. Ihre Erhebungsmerkmale (z. B. Al- ter, Familienstand, Stellung im Beruf) werden dann für die gesamte Einheit "Haushalt" in der Statistik nachgewiesen. Die gesamte Einheit "Haushalt" wird stellvertretend durch die Erhebungsmerkmale des Haupteinkommensbeziehers des Haushalts statistisch nachgewiesen. Personen unter 15 Jahren sind als Bezugsperson ausgeschlossen.
A8: Grundlage der Berechnungen des Bundesmedians ist die Armutsgefährdungsschwelle des Bundes. Diese wird anhand des mittleren Ein- kommens (Median) im gesamten Bundesgebiet errechnet. Den Armutsgefährdungsquoten für Bund und Länder liegt somit eine einheit- liche Armutsgefährdungsschwelle zugrunde. Allerdings werden bei dieser Betrachtung Unter­schiede im Einkommensniveau zwischen den Ländern nicht beachtet.
A9: Größe, Gewicht und BMI: Erhoben wurden bei den Befragten die Größe in Meter (m) und das Gewicht in Kilogramm (kg). Der Body-Mass- Index (BMI) errechnet sich aus beiden Größen, indem man das Gewicht durch die Größe (quadriert) teilt. Die Weltgesundheitsorganisation (WHO) stuft Erwachsene mit einem BMI über 25 als übergewichtig ein, mit einem Wert über 30 als stark übergewichtig und mit einem Wert von unter 18,5 als untergewichtig.
A10: Als Haushalt (Privathaushalt) zählt jede zusammen wohnende und eine wirtschaftliche Einheit bildende Personengemeinschaft sowie Per- sonen, die allein wohnen und wirtschaften. Zum Haushalt können verwandte und familienfremde Personen gehören (z. B. Hauspersonal). Gemeinschafts- und Anstaltsunterkünfte gelten nicht als Haushalte, können aber Privathaushalte beherbergen (z. B. Haushalt der Leitung der Gemeinschaftsunterkunft). Haushalte mit mehreren Wohnungen werden unter Umständen mehrfach gezählt.
A11: Die Haushaltsgröße ergibt sich aus der Zahl der Haushaltsmitglieder.
A12: Alle Personen, die allein oder zusammen mit anderen Personen eine wirtschaftliche Einheit (Privathaushalt) bilden, werden als Haushalts- mitglieder bezeichnet.
... A26: a. n. g. Anderweitig nicht genannt

Sheet Mehr zum Thema
A1: Link zum Inhaltsverzeichnis
A2: Mehr zum Thema
A3: Weitere Informationen zum Thema finden Sie auf der Website des Statistischen Amtes Mecklenburg-Vorpommern
A4: > https://www.laiv-mv.de/statistik/
A5: und außerdem im Statistikportal der Statistischen Ämter des Bundes und der Länder
A6: > https://www.statistikportal.de/de/sbe
A7: Statistische Berichte Mecklenburg-Vorpommern
A8: > O213 | B8: Ausstattung privater Haushalte mit ausgewählten Gebrauchsgütern und Wohnverhältnisse
A9: > O2231 | B9: Verbrauch und Aufwendungen von privaten Haushalten – Teil 1: Struktur des privaten Verbrauchs
A10: > O2232 | B10: Verbrauch und Aufwendungen von privaten Haushalten – Teil 2: Nahrungsmittel, Getränke und Tabakwaren
A11: > O233 | B11: Konsumentenkredite und Geldvermögen privater Haushalte
A12: > O243 | B12: Einnahmen und Ausgaben der privaten Haushalte
A13: > A473 | B13: Krankheiten, Rauchgewohnheiten und BMI der Bevölkerung (Mikrozensus)
A14: > A153S | B14: Entwicklung der Armutsgefährdung (Mikrozensus)
A15: Qualitätsberichte Statistisches Bundesamt
A16: > Einnahmen, Konsum, Lebensbedingungen, Wohnen
A17: Fachliche Informationen
A18: Christoph Epperlein, Telefon: 0385 588-56411, christoph.epperlein@statistik-mv.de
A19: Quellenangaben
A20: Vergleichsdaten Deutschland: Statistisches Bundesamt
A21: Tabellen 3.2.1, 3.2.4 (Vergleichsdaten): Statistisches Bundesamt, Fachserie 15, Heft 1
A22: Tabellen 3.3.1 bis 3.3.3 (Vergleichsdaten) sowie 3.3.4: Statistisches Bundesamt, Fragen zur Gesundheit
A23: Tabellen 3.4.1, 3.4.2: Amtliche Sozialberichterstattung des Bundes und der Länder
A24: Weiterführende Informationen
A25: > Verbraucherinsolvenzen: Kapitel 13 "Unternehmen und Handwerk"
A26: > Wohnen: Kapitel 22 "Bauen"

Sheet  
